Workbook

Sheet RV_Data
A1: =SmtRes!H1 -> 1 | B1: =SmtRes!I1 -> 9999990008 | C1: =SmtRes!K1 -> ТРУДОЗАТРАТЫ РАБОЧИХ (ЭСН) | D1: =SmtRes!O1 -> чел.-ч. | E1: =SmtRes!Y1 -> 45.7 | F1: =SmtRes!Y1*Source!I24 -> 0.457 | G1: =ROUND(SmtRes!AD1, 2) -> 0 | H1: =ROUND(SmtRes!AD1*SmtRes!Y1*Source!I24, 2) -> 0 | Z1: 19999990008ТРУДОЗАТРАТЫ РАБОЧИХ (ЭСН)чел.-ч.00
A2: =SmtRes!H3 -> 1 | B2: =SmtRes!I3 -> 9999990008 | C2: =SmtRes!K3 -> ТРУДОЗАТРАТЫ РАБОЧИХ (ЭСН) | D2: =SmtRes!O3 -> чел.-ч. | E2: =SmtRes!Y3 -> 212 | F2: =SmtRes!Y3*Source!I25 -> 2.12 | G2: =ROUND(SmtRes!AD3, 2) -> 0 | H2: =ROUND(SmtRes!AD3*SmtRes!Y3*Source!I25, 2) -> 0 | Z2: 19999990008ТРУДОЗАТРАТЫ РАБОЧИХ (ЭСН)чел.-ч.00
A3: =SmtRes!H8 -> 1 | B3: =SmtRes!I8 -> 9999990008 | C3: =SmtRes!K8 -> ТРУДОЗАТРАТЫ РАБОЧИХ (ЭСН) | D3: =SmtRes!O8 -> чел.-ч. | E3: =SmtRes!Y8 -> 3.174 | F3: =SmtRes!Y8*Source!I27 -> 3.174 | G3: =ROUND(SmtRes!AD8, 2) -> 0 | H3: =ROUND(SmtRes!AD8*SmtRes!Y8*Source!I27, 2) -> 0 | Z3: 19999990008ТРУДОЗАТРАТЫ РАБОЧИХ (ЭСН)чел.-ч.00
A4: =SmtRes!H9 -> 2 | B4: =SmtRes!I9 -> 2.0-0-0 | C4: =SmtRes!K9 -> СТОИМОСТЬ ПРОЧИХ МАШИН (ЭСН) | D4: =SmtRes!O9 -> руб. | E4: =SmtRes!Y9 -> 0.1375 | F4: =SmtRes!Y9*Source!I27 -> 0.1375 | G4: =ROUND(SmtRes!AB9, 2) -> 1 | H4: =ROUND(SmtRes!AB9*SmtRes!Y9*Source!I27, 2) -> 0.14 | Z4: 22.0-0-0СТОИМОСТЬ ПРОЧИХ МАШИН (ЭСН)руб.10
A5: =SmtRes!H10 -> 2 | B5: =SmtRes!I10 -> 2.1-30-56 | C5: =SmtRes!K10 -> ШУРУПОВЕРТЫ | D5: =SmtRes!O10 -> маш.-ч | E5: =SmtRes!Y10 -> 0.0125 | F5: =SmtRes!Y10*Source!I27 -> 0.0125 | G5: =ROUND(SmtRes!AB10, 2) -> 0.64 | H5: =ROUND(SmtRes!AB10*SmtRes!Y10*Source!I27, 2) -> 0.01 | Z5: 22.1-30-56ШУРУПОВЕРТЫмаш.-ч0,640
A6: =SmtRes!H11 -> 2 | B6: =SmtRes!I11 -> 2.1-30-6 | C6: =SmtRes!K11 -> ДРЕЛИ ЭЛЕКТРИЧЕСКИЕ | D6: =SmtRes!O11 -> маш.-ч | E6: =SmtRes!Y11 -> 0.025 | F6: =SmtRes!Y11*Source!I27 -> 0.025 | G6: =ROUND(SmtRes!AB11, 2) -> 2.36 | H6: =ROUND(SmtRes!AB11*SmtRes!Y11*Source!I27, 2) -> 0.06 | Z6: 22.1-30-6ДРЕЛИ ЭЛЕКТРИЧЕСКИЕмаш.-ч2,360
A7: =SmtRes!H2 -> 3 | B7: =SmtRes!I2 -> 1.0-0-0 | C7: =SmtRes!K2 -> МАССА МУСОРА | D7: =SmtRes!O2 -> т | E7: =SmtRes!Y2 -> 0.09 | F7: =SmtRes!Y2*Source!I24 -> 0.0009 | G7: =ROUND(SmtRes!AA2, 2) -> 0 | H7: =ROUND(SmtRes!AA2*SmtRes!Y2*Source!I24, 2) -> 0 | I7: =SmtRes!CC2 -> 0 | J7: =SmtRes!CD2 -> 0 | K7: =SmtRes!CE2 -> 0 | L7: =SmtRes!CF2 -> 0 | M7: =SmtRes!CG2 -> 0 | N7: =SmtRes!CH2 -> 0 | O7: =SmtRes!CI2 -> 0 | P7: =SmtRes!CJ2 -> 0 | ... X7: =SmtRes!CR2 -> 0 | Y7: =SmtRes!CB2 -> 0 | Z7: 31.0-0-0МАССА МУСОРАт00 | AA7: =SmtRes!CS2 -> 0
A8: =SmtRes!H4 -> 3 | B8: =SmtRes!I4 -> 1.1-1-1338 | C8: =SmtRes!K4 -> ЦЕМЕНТ ГИПСОГЛИНОЗЕМИСТЫЙ РАСШИРЯЮЩИЙСЯ | D8: =SmtRes!O4 -> т | E8: =SmtRes!Y4 -> 0.0079 | F8: =SmtRes!Y4*Source!I25 -> 7.9e-05 | G8: =ROUND(SmtRes!AA4, 2) -> 483.86 | H8: =ROUND(SmtRes!AA4*SmtRes!Y4*Source!I25, 2) -> 0.04 | I8: =SmtRes!CC4 -> 0 | J8: =SmtRes!CD4 -> 0 | K8: =SmtRes!CE4 -> 0 | L8: =SmtRes!CF4 -> 0 | M8: =SmtRes!CG4 -> 0 | N8: =SmtRes!CH4 -> 0 | O8: =SmtRes!CI4 -> 0 | P8: =SmtRes!CJ4 -> 0 | ... X8: =SmtRes!CR4 -> 0 | Y8: =SmtRes!CB4 -> 0 | Z8: 31.1-1-1338ЦЕМЕНТ ГИПСОГЛИНОЗЕМИСТЫЙ РАСШИРЯЮЩИЙСЯт483,860 | AA8: =SmtRes!CS4 -> 0
A9: =SmtRes!H5 -> 3 | B9: =SmtRes!I5 -> 1.1-1-1502 | C9: =SmtRes!K5 -> ШУРУПЫ С ПОТАЙНОЙ ГОЛОВКОЙ, ЧЕРНЫЕ, РАЗМЕР 8,0Х100 ММ | D9: =SmtRes!O5 -> т | E9: =SmtRes!Y5 -> 0.0108 | F9: =SmtRes!Y5*Source!I25 -> 0.000108 | G9: =ROUND(SmtRes!AA5, 2) -> 17750.86 | H9: =ROUND(SmtRes!AA5*SmtRes!Y5*Source!I25, 2) -> 1.92 | I9: =SmtRes!CC5 -> 0 | J9: =SmtRes!CD5 -> 0 | K9: =SmtRes!CE5 -> 0 | L9: =SmtRes!CF5 -> 0 | M9: =SmtRes!CG5 -> 0 | N9: =SmtRes!CH5 -> 0 | O9: =SmtRes!CI5 -> 0 | P9: =SmtRes!CJ5 -> 0 | ... X9: =SmtRes!CR5 -> 0 | Y9: =SmtRes!CB5 -> 0 | Z9: 31.1-1-1502ШУРУПЫ С ПОТАЙНОЙ ГОЛОВКОЙ, ЧЕРНЫЕ, РАЗМЕР 8,0Х100 ММт17750,860 | AA9: =SmtRes!CS5 -> 0
A10: =SmtRes!H12 -> 3 | B10: =SmtRes!I12 -> 1.1-1-513 | C10: =SmtRes!K12 -> ЛЕНТА ИЗ "ФТОРОПЛАСТ-4" | D10: =SmtRes!O12 -> кг | E10: =SmtRes!Y12 -> 0.02 | F10: =SmtRes!Y12*Source!I27 -> 0.02 | G10: =ROUND(SmtRes!AA12, 2) -> 148.68 | H10: =ROUND(SmtRes!AA12*SmtRes!Y12*Source!I27, 2) -> 2.97 | I10: =SmtRes!CC12 -> 0 | J10: =SmtRes!CD12 -> 0 | K10: =SmtRes!CE12 -> 0 | L10: =SmtRes!CF12 -> 0 | M10: =SmtRes!CG12 -> 0 | N10: =SmtRes!CH12 -> 0 | O10: =SmtRes!CI12 -> 0 | P10: =SmtRes!CJ12 -> 0 | ... X10: =SmtRes!CR12 -> 0 | Y10: =SmtRes!CB12 -> 0 | Z10: 31.1-1-513ЛЕНТА ИЗ "ФТОРОПЛАСТ-4"кг148,680 | AA10: =SmtRes!CS12 -> 0
A11: =SmtRes!H6 -> 3 | B11: =SmtRes!I6 -> 1.1-1-740 | C11: =SmtRes!K6 -> ПАКЛЯ ПРОПИТАННАЯ | D11: =SmtRes!O6 -> кг | E11: =SmtRes!Y6 -> 3.4 | F11: =SmtRes!Y6*Source!I25 -> 0.034 | G11: =ROUND(SmtRes!AA6, 2) -> 9.86 | H11: =ROUND(SmtRes!AA6*SmtRes!Y6*Source!I25, 2) -> 0.34 | I11: =SmtRes!CC6 -> 0 | J11: =SmtRes!CD6 -> 0 | K11: =SmtRes!CE6 -> 0 | L11: =SmtRes!CF6 -> 0 | M11: =SmtRes!CG6 -> 0 | N11: =SmtRes!CH6 -> 0 | O11: =SmtRes!CI6 -> 0 | P11: =SmtRes!CJ6 -> 0 | ... X11: =SmtRes!CR6 -> 0 | Y11: =SmtRes!CB6 -> 0 | Z11: 31.1-1-740ПАКЛЯ ПРОПИТАННАЯкг9,860 | AA11: =SmtRes!CS6 -> 0
A12: =SmtRes!H13 -> 3 | B12: =SmtRes!I13 -> 4951511000 | C12: =SmtRes!K13 -> ПОЛОТЕНЦЕСУШИТЕЛИ ИЗ НЕРЖАВЕЮЩЕЙ СТАЛИ | D12: =SmtRes!O13 -> шт. | E12: =SmtRes!Y13 -> 1 | F12: =SmtRes!Y13*Source!I27 -> 1 | G12: =ROUND(SmtRes!AA13, 2) -> 0 | H12: =ROUND(SmtRes!AA13*SmtRes!Y13*Source!I27, 2) -> 0 | I12: =SmtRes!CC13 -> 0 | J12: =SmtRes!CD13 -> 0 | K12: =SmtRes!CE13 -> 0 | L12: =SmtRes!CF13 -> 0 | M12: =SmtRes!CG13 -> 0 | N12: =SmtRes!CH13 -> 0 | O12: =SmtRes!CI13 -> 0 | P12: =SmtRes!CJ13 -> 0 | ... X12: =SmtRes!CR13 -> 0 | Y12: =SmtRes!CB13 -> 0 | Z12: 34951511000ПОЛОТЕНЦЕСУШИТЕЛИ ИЗ НЕРЖАВЕЮЩЕЙ СТАЛИшт.00 | AA12: =SmtRes!CS13 -> 0
A13: =SmtRes!H14 -> 3 | B13: =SmtRes!I14 -> 4951541000 | C13: =SmtRes!K14 -> ДЕТАЛИ СОЕДИНИТЕЛЬНЫЕ ДЛЯ ПОЛОТЕНЦЕСУШИТЕЛЕЙ - МУФТЫ | D13: =SmtRes!O14 -> шт. | E13: =SmtRes!Y14 -> 2 | F13: =SmtRes!Y14*Source!I27 -> 2 | G13: =ROUND(SmtRes!AA14, 2) -> 0 | H13: =ROUND(SmtRes!AA14*SmtRes!Y14*Source!I27, 2) -> 0 | I13: =SmtRes!CC14 -> 0 | J13: =SmtRes!CD14 -> 0 | K13: =SmtRes!CE14 -> 0 | L13: =SmtRes!CF14 -> 0 | M13: =SmtRes!CG14 -> 0 | N13: =SmtRes!CH14 -> 0 | O13: =SmtRes!CI14 -> 0 | P13: =SmtRes!CJ14 -> 0 | ... X13: =SmtRes!CR14 -> 0 | Y13: =SmtRes!CB14 -> 0 | Z13: 34951541000ДЕТАЛИ СОЕДИНИТЕЛЬНЫЕ ДЛЯ ПОЛОТЕНЦЕСУШИТЕЛЕЙ - МУФТЫшт.00 | AA13: =SmtRes!CS14 -> 0
A14: =SmtRes!H7 -> 3 | B14: =SmtRes!I7 -> 4962130000 | C14: =SmtRes!K7 -> УМЫВАЛЬНИКИ | D14: =SmtRes!O7 -> компл. | E14: =SmtRes!Y7 -> 100 | F14: =SmtRes!Y7*Source!I25 -> 1 | G14: =ROUND(SmtRes!AA7, 2) -> 0 | H14: =ROUND(SmtRes!AA7*SmtRes!Y7*Source!I25, 2) -> 0 | I14: =SmtRes!CC7 -> 0 | J14: =SmtRes!CD7 -> 0 | K14: =SmtRes!CE7 -> 0 | L14: =SmtRes!CF7 -> 0 | M14: =SmtRes!CG7 -> 0 | N14: =SmtRes!CH7 -> 0 | O14: =SmtRes!CI7 -> 0 | P14: =SmtRes!CJ7 -> 0 | ... X14: =SmtRes!CR7 -> 0 | Y14: =SmtRes!CB7 -> 0 | Z14: 34962130000УМЫВАЛЬНИКИкомпл.00 | AA14: =SmtRes!CS7 -> 0

Sheet Акт КС-2 по ТСН-2001
A1: =CONCATENATE(Source!B1, " ТСН-2001 (© ОАО МЦЦС 'Мосстройцены', 2006)") -> Smeta.ru (495) 974-1589 ТСН-2001 (© ОАО МЦЦС 'Мосстройцены', 2006) | I1: Унифицированная форма № КС-2
I2: Утверждена постановлением Госкомстата России
I3: от 11.11.99. № 100
K5: Код
J6: Форма по ОКУД | K6: 322005
A7: Инвестор | J7: по ОКПО
A8: Заказчик | D8: =IF(Source!CG12<>"",Source!CG12," ") | J8: по ОКПО | AB8: =IF(Source!CG12<>"",Source!CG12," ")
A9: Подрядчик | D9: =IF(Source!CH12<>"",Source!CH12," ") | J9: по ОКПО | AB9: =IF(Source!CH12<>"",Source!CH12," ")
A10: Стройка | D10: =IF(Source!G4<>"",Source!G4,IF(Source!F4<>"",Source!F4,IF(Source!G5<>"",Source!G5,IF(Source!F5<>"",Source!F5,IF(Source!G6<>"",Source!G6,IF(Source!F6<>"",Source!F6," ")))))) | AB10: =IF(Source!G4<>"",Source!G4,IF(Source!F4<>"",Source!F4,IF(Source!G5<>"",Source!G5,IF(Source!F5<>"",Source!F5,IF(Source!G6<>"",Source!G6,IF(Source!F6<>"",Source!F6," "))))))
A11: Объект | D11: =IF(Source!G12<>"",Source!G12,IF(Source!F12<>"",Source!F12," ")) -> Новый объект | AB11: =IF(Source!G12<>"",Source!G12,IF(Source!F12<>"",Source!F12," ")) -> Новый объект
H12: Вид деятельности по ОКДП
H13: Договор подряда | J13: номер
J14: дата
J15: Вид операции
H17: Номер документа | I17: Дата составления | J17: Отчетный период
J18: с | K18: по
A21: AKT
A22: О ПРИЕМКЕ ВЫПОЛНЕННЫХ РАБОТ
A24: Сметная (договорная) стоимость в соответствии с договором подряда (субподряда) | H24: =(Source!O22+Source!X22+Source!Y22+Source!R22*178/100)/1000 -> 2.7531892 | J24: тыс.руб
A25: Составлен(а) в уровне текущих (прогнозных) цен на | E25: =IF(AND(Source!P12<>0,Source!Q12<>0),DATE(Source!P12,Source!Q12,1),IF(Source!AF12=0,"",IF(Source!AN12=0,"",DATE(Source!AF12,Source!AN12,1)))) -> 40878 | F25: =IF(AND(Source!P12<>0,Source!Q12<>0),Source!P12,IF(Source!AF12=0,"",Source!AF12)) -> 2011 | G25: г.
A27: Номер | G27: Цена | H27: Коэффициенты | J27: ВСЕГО | K27: Коэфф. | L27: ВСЕГО | Z27: -1
A28: п/п | B28: поз. по смете | C28: Шифр | E28: Единица | F28: Кол-во | G28: на ед. | I28: зимних | J28: в базисных | K28: пере- | L28: в текущих
C29: расценки | D29: Наименование работ и затрат | E29: изме- | F29: единиц | G29: изм. | H29: попра- | I29: удоро- | J29: ценах, | K29: счета | L29: (прогнозных)
C30: и коды | E30: рения | G30: руб. | H30: вочные | I30: жаний | J30: руб. | K30: и нормы | L30: ценах, руб.
C31: ресурсов | K31: НР и СП
A32: 1 | B32: 2 | C32: 3 | D32: 4 | E32: 5 | F32: 6 | G32: 7 | H32: 8 | I32: 9 | J32: 10 | K32: 11 | L32: 12
A33: 1 | B33: =Source!E24 -> 1 | C33: =Source!F24 -> 6.65-3-2 | D33: =Source!G24 -> ДЕМОНТАЖ ВЕНТИЛЯ | E33: =Source!H24 -> 100 шт. | F33: =ROUND(Source!I24,6) -> 0.01 | Z33: 1
D34: ЗП | G34: =Source!AO24 -> 576.73 | H34: =Source!DG24 | I34: =Source!AV24 -> 1.047 | J34: =ROUND((Source!CT24/IF(Source!BA24<> 0, Source!BA24,1) * Source!I24), 2) -> 6.04 | K34: =Source!BA24 -> 12.7 | L34: =Source!S24 -> 76.69
D35: ЭМ | G35: =Source!AM24 -> 0 | H35: =Source!DE24 | I35: =Source!AV24 -> 1.047 | J35: =ROUND((Source!CR24/IF(Source!BB24<> 0, Source!BB24,1) * Source!I24), 2) -> 0 | K35: =Source!BB24 -> 1 | L35: =Source!Q24 -> 0
D36: в т.ч. ЗПМ | G36: =Source!AN24 -> 0 | H36: =Source!DF24 | I36: =Source!AV24 -> 1.047 | J36: =CONCATENATE("(",TEXT(+ ROUND((Source!CS24/IF(K36<> 0, K36,1) * Source!I24), 2),"0,00"),")") -> (0,00) | K36: =Source!BS24 -> 12.7 | L36: =CONCATENATE("(",TEXT(+Source!R24,"0,00"),")") -> (0,00) | M36: =ROUND(IF(K36<>0, Source!R24/K36, Source!R24), 2) -> 0
D37: МР | G37: =Source!AL24 -> 0 | H37: =Source!DD24 | I37: =Source!AW24 -> 1 | J37: =ROUND((Source!CQ24/IF(Source!BC24<> 0, Source!BC24,1) * Source!I24), 2) -> 0 | K37: =Source!BC24 -> 1 | L37: =Source!P24 -> 0
D38: НР от ЗП | E38: % | F38: =Source!DN24 -> 80 | J38: =ROUND((F38/100)* ROUND((Source!CT24/IF(Source!BA24<> 0, Source!BA24,1) * Source!I24), 2), 2) -> 4.83 | K38: =Source!AT24 -> 77 | L38: =Source!X24 -> 59.05
D39: СП от ЗП | E39: % | F39: =Source!DO24 -> 55 | J39: =ROUND((F39/100)* ROUND((Source!CT24/IF(Source!BA24<> 0, Source!BA24,1) * Source!I24), 2), 2) -> 3.32 | K39: =Source!AU24 -> 45 | L39: =Source!Y24 -> 34.51
D40: НР и СП от ЗПМ | E40: % | F40: 175 | J40: =ROUND(ROUND((Source!CS24/IF(Source!BS24<> 0, Source!BS24,1) * Source!I24), 2)*1.75, 2) -> 0 | K40: 178 | L40: =ROUND(Source!R24*K40/100, 2) -> 0
D41: ЗТР | E41: чел-ч | F41: =Source!AQ24 -> 45.7 | H41: =Source!DI24 | I41: =Source!AV24 -> 1.047 | J41: =ROUND(Source!U24,2) -> 0.48
J42: =ROUND((Source!CT24/IF(Source!BA24 <>0, Source!BA24, 1) * Source!I24), 2)+ROUND((Source!CR24 / IF(Source!BB24 <>0, Source!BB24, 1) * Source!I24), 2)+SUM(J37:J40) -> 14.19 | L42: =Source!S24+Source!Q24+SUM(L37:L40) -> 170.25 | M42: =ROUND((Source!CT24/IF(Source!BA24<> 0, Source!BA24,1) * Source!I24), 2) -> 6.04 | N42: =J42 -> 14.19 | O42: =L42 -> 170.25 | P42: =ROUND(IF( Source!BI24 = 1, (ROUND((Source!CT24/IF(Source!BA24<> 0, Source!BA24,1) * Source!I24), 2)+ROUND((Source!CR24/IF(Source!BB24<> 0, Source!BB24,1) * Source!I24), 2)+ROUND((Source!CQ24/IF(Source!BC24<> 0, Source!BC24,1) * Source!I24), 2)+((Source!DN24/100)*ROUND((Source!CT24/IF(Source!BA24<>0,Source!BA24,1) * Source!I24), 2))+((Source!DO24/100)*ROUND((Source!CT24/IF(Source!BA24<>0,Source!BA24,1) * Source!I24), 2))+(ROUND((Source!CS24/IF(Source!BS24<>0,Source!BS24,1) * Source!I24), 2)* 1.75)), 0 ), 2) -> 14.19 | Q42: =ROUND(IF( Source!BI24 = 2, (ROUND((Source!CT24/IF(Source!BA24<> 0, Source!BA24,1) * Source!I24), 2)+ROUND((Source!CR24/IF(Source!BB24<> 0, Source!BB24,1) * Source!I24), 2)+ROUND((Source!CQ24/IF(Source!BC24<> 0, Source!BC24,1) * Source!I24), 2)+((Source!DN24/100)*ROUND((Source!CT24/IF(Source!BA24<>0,Source!BA24,1) * Source!I24), 2))+((Source!DO24/100)*ROUND((Source!CT24/IF(Source!BA24<>0,Source!BA24,1) * Source!I24), 2))+(ROUND((Source!CS24/IF(Source!BS24<>0,Source!BS24,1) * Source!I24), 2)* 1.75)), 0 ), 2) -> 0 | R42: =ROUND(IF( Source!BI24 = 3, (ROUND((Source!CT24/IF(Source!BA24<> 0, Source!BA24,1) * Source!I24), 2)+ROUND((Source!CR24/IF(Source!BB24<> 0, Source!BB24,1) * Source!I24), 2)+ROUND((Source!CQ24/IF(Source!BC24<> 0, Source!BC24,1) * Source!I24), 2)+((Source!DN24/100)*ROUND((Source!CT24/IF(Source!BA24<>0,Source!BA24,1) * Source!I24), 2))+((Source!DO24/100)*ROUND((Source!CT24/IF(Source!BA24<>0,Source!BA24,1) * Source!I24), 2))+(ROUND((Source!CS24/IF(Source!BS24<>0,Source!BS24,1) * Source!I24), 2)* 1.75)), 0 ), 2) -> 0 | S42: =ROUND(IF( Source!BI24 = 4, (ROUND((Source!CT24/IF(Source!BA24<> 0, Source!BA24,1) * Source!I24), 2)+ROUND((Source!CR24/IF(Source!BB24<> 0, Source!BB24,1) * Source!I24), 2)+ROUND((Source!CQ24/IF(Source!BC24<> 0, Source!BC24,1) * Source!I24), 2)+((Source!DN24/100)*ROUND((Source!CT24/IF(Source!BA24<>0,Source!BA24,1) * Source!I24), 2))+((Source!DO24/100)*ROUND((Source!CT24/IF(Source!BA24<>0,Source!BA24,1) * Source!I24), 2))+(ROUND((Source!CS24/IF(Source!BS24<>0,Source!BS24,1) * Source!I24), 2)* 1.75)), 0 ), 2) -> 0 | V42: =IF( Source!BI24 = 1, Source!O24 + Source!X24 + Source!Y24 + Source!R24*178/100, 0 ) -> 170.25 | W42: =IF( Source!BI24 = 2, Source!O24 + Source!X24 + Source!Y24 + Source!R24*178/100, 0 ) -> 0 | X42: =IF( Source!BI24 = 3, Source!O24 + Source!X24 + Source!Y24 + Source!R24*178/100, 0 ) -> 0 | Y42: =IF( Source!BI24 = 4, Source!O24 + Source!X24 + Source!Y24 + Source!R24*178/100, 0 ) -> 0
A43: 2 | B43: =Source!E25 -> 2 | C43: =Source!F25 -> 6.65-10-1 | D43: =Source!G25 -> СМЕНА САНИТАРНО-ТЕХНИЧЕСКИХ ПРИБОРОВ РАКОВИН (УМЫВАЛЬНИКОВ) | E43: =Source!H25 -> 100 компл. | F43: =ROUND(Source!I25,6) -> 0.01 | Z43: 2
D44: ЗП | G44: =Source!AO25 -> 2550.36 | H44: =Source!DG25 | I44: =Source!AV25 -> 1.067 | J44: =ROUND((Source!CT25/IF(Source!BA25<> 0, Source!BA25,1) * Source!I25), 2) -> 27.21 | K44: =Source!BA25 -> 12.7 | L44: =Source!S25 -> 345.6
D45: ЭМ | G45: =Source!AM25 -> 0 | H45: =Source!DE25 | I45: =Source!AV25 -> 1.067 | J45: =ROUND((Source!CR25/IF(Source!BB25<> 0, Source!BB25,1) * Source!I25), 2) -> 0 | K45: =Source!BB25 -> 1 | L45: =Source!Q25 -> 0
D46: в т.ч. ЗПМ | G46: =Source!AN25 -> 0 | H46: =Source!DF25 | I46: =Source!AV25 -> 1.067 | J46: =CONCATENATE("(",TEXT(+ ROUND((Source!CS25/IF(K46<> 0, K46,1) * Source!I25), 2),"0,00"),")") -> (0,00) | K46: =Source!BS25 -> 12.7 | L46: =CONCATENATE("(",TEXT(+Source!R25,"0,00"),")") -> (0,00) | M46: =ROUND(IF(K46<>0, Source!R25/K46, Source!R25), 2) -> 0
D47: МР | G47: =Source!AL25 -> 229.06 | H47: =Source!DD25 | I47: =Source!AW25 -> 1 | J47: =ROUND((Source!CQ25/IF(Source!BC25<> 0, Source!BC25,1) * Source!I25), 2) -> 2.29 | K47: =Source!BC25 -> 4.23 | L47: =Source!P25 -> 9.69
A48: 3 | B48: =Source!E26 -> 2,1 | C48: =Source!F26 -> 4962130000 | D48: =Source!G26 -> УМЫВАЛЬНИКИ | E48: =Source!H26 -> компл. | F48: =ROUND(Source!I26,6) -> 1 | G48: =IF(Source!AL26=0,Source!AK26,Source!AL26) -> 0 | H48: =Source!DD26 | I48: =Source!AW26 -> 1 | J48: =ROUND((Source!CR26/IF(Source!BB26<> 0, Source!BB26,1) * Source!I26), 2) + ROUND((Source!CQ26/IF(Source!BC26<> 0, Source!BC26,1) * Source!I26), 2) + ROUND((Source!CT26/IF(Source!BA26<> 0, Source!BA26,1) * Source!I26), 2) -> 0 | K48: =Source!BC26 -> 1 | L48: =Source!O26 -> 0 | P48: =IF( Source!BI26 = 1, (ROUND((Source!CR26/IF(Source!BB26<> 0, Source!BB26,1) * Source!I26), 2) + ROUND((Source!CQ26/IF(Source!BC26<> 0, Source!BC26,1) * Source!I26), 2) + ROUND((Source!CT26/IF(Source!BA26<> 0, Source!BA26,1) * Source!I26), 2)), 0 ) -> 0 | Q48: =IF( Source!BI26 = 2, (ROUND((Source!CR26/IF(Source!BB26<> 0, Source!BB26,1) * Source!I26), 2) + ROUND((Source!CQ26/IF(Source!BC26<> 0, Source!BC26,1) * Source!I26), 2) + ROUND((Source!CT26/IF(Source!BA26<> 0, Source!BA26,1) * Source!I26), 2)), 0 ) -> 0 | R48: =IF( Source!BI26 = 3, (ROUND((Source!CR26/IF(Source!BB26<> 0, Source!BB26,1) * Source!I26), 2) + ROUND((Source!CQ26/IF(Source!BC26<> 0, Source!BC26,1) * Source!I26), 2) + ROUND((Source!CT26/IF(Source!BA26<> 0, Source!BA26,1) * Source!I26), 2)), 0 ) -> 0 | S48: =IF( Source!BI26 = 4, (ROUND((Source!CR26/IF(Source!BB26<> 0, Source!BB26,1) * Source!I26), 2) + ROUND((Source!CQ26/IF(Source!BC26<> 0, Source!BC26,1) * Source!I26), 2) + ROUND((Source!CT26/IF(Source!BA26<> 0, Source!BA26,1) * Source!I26), 2)), 0 ) -> 0 | V48: =IF( Source!BI26 = 1, Source!O26 + Source!X26 + Source!Y26, 0 ) -> 0 | W48: =IF( Source!BI26 = 2, Source!O26 + Source!X26 + Source!Y26, 0 ) -> 0 | X48: =IF( Source!BI26 = 3, Source!O26 + Source!X26 + Source!Y26, 0 ) -> 0 | Y48: =IF( Source!BI26 = 4, Source!O26 + Source!X26 + Source!Y26, 0 ) -> 0 | Z48: 3
D49: НР от ЗП | E49: % | F49: =Source!DN25 -> 110 | J49: =ROUND((F49/100)* ROUND((Source!CT25/IF(Source!BA25<> 0, Source!BA25,1) * Source!I25), 2), 2) -> 29.93 | K49: =Source!AT25 -> 100 | L49: =Source!X25 -> 345.6
D50: СП от ЗП | E50: % | F50: =Source!DO25 -> 74 | J50: =ROUND((F50/100)* ROUND((Source!CT25/IF(Source!BA25<> 0, Source!BA25,1) * Source!I25), 2), 2) -> 20.14 | K50: =Source!AU25 -> 45 | L50: =Source!Y25 -> 155.52
D51: НР и СП от ЗПМ | E51: % | F51: 175 | J51: =ROUND(ROUND((Source!CS25/IF(Source!BS25<> 0, Source!BS25,1) * Source!I25), 2)*1.75, 2) -> 0 | K51: 178 | L51: =ROUND(Source!R25*K51/100, 2) -> 0
D52: ЗТР | E52: чел-ч | F52: =Source!AQ25 -> 212 | H52: =Source!DI25 | I52: =Source!AV25 -> 1.067 | J52: =ROUND(Source!U25,2) -> 2.26
J53: =ROUND((Source!CT25/IF(Source!BA25 <>0, Source!BA25, 1) * Source!I25), 2)+ROUND((Source!CR25 / IF(Source!BB25 <>0, Source!BB25, 1) * Source!I25), 2)+SUM(J47:J51) -> 79.57 | L53: =Source!S25+Source!Q25+SUM(L47:L51) -> 856.41 | M53: =ROUND((Source!CT25/IF(Source!BA25<> 0, Source!BA25,1) * Source!I25), 2) -> 27.21 | N53: =J53 -> 79.57 | O53: =L53 -> 856.41 | P53: =ROUND(IF( Source!BI25 = 1, (ROUND((Source!CT25/IF(Source!BA25<> 0, Source!BA25,1) * Source!I25), 2)+ROUND((Source!CR25/IF(Source!BB25<> 0, Source!BB25,1) * Source!I25), 2)+ROUND((Source!CQ25/IF(Source!BC25<> 0, Source!BC25,1) * Source!I25), 2)+((Source!DN25/100)*ROUND((Source!CT25/IF(Source!BA25<>0,Source!BA25,1) * Source!I25), 2))+((Source!DO25/100)*ROUND((Source!CT25/IF(Source!BA25<>0,Source!BA25,1) * Source!I25), 2))+(ROUND((Source!CS25/IF(Source!BS25<>0,Source!BS25,1) * Source!I25), 2)* 1.75)), 0 ), 2) -> 79.57 | Q53: =ROUND(IF( Source!BI25 = 2, (ROUND((Source!CT25/IF(Source!BA25<> 0, Source!BA25,1) * Source!I25), 2)+ROUND((Source!CR25/IF(Source!BB25<> 0, Source!BB25,1) * Source!I25), 2)+ROUND((Source!CQ25/IF(Source!BC25<> 0, Source!BC25,1) * Source!I25), 2)+((Source!DN25/100)*ROUND((Source!CT25/IF(Source!BA25<>0,Source!BA25,1) * Source!I25), 2))+((Source!DO25/100)*ROUND((Source!CT25/IF(Source!BA25<>0,Source!BA25,1) * Source!I25), 2))+(ROUND((Source!CS25/IF(Source!BS25<>0,Source!BS25,1) * Source!I25), 2)* 1.75)), 0 ), 2) -> 0 | R53: =ROUND(IF( Source!BI25 = 3, (ROUND((Source!CT25/IF(Source!BA25<> 0, Source!BA25,1) * Source!I25), 2)+ROUND((Source!CR25/IF(Source!BB25<> 0, Source!BB25,1) * Source!I25), 2)+ROUND((Source!CQ25/IF(Source!BC25<> 0, Source!BC25,1) * Source!I25), 2)+((Source!DN25/100)*ROUND((Source!CT25/IF(Source!BA25<>0,Source!BA25,1) * Source!I25), 2))+((Source!DO25/100)*ROUND((Source!CT25/IF(Source!BA25<>0,Source!BA25,1) * Source!I25), 2))+(ROUND((Source!CS25/IF(Source!BS25<>0,Source!BS25,1) * Source!I25), 2)* 1.75)), 0 ), 2) -> 0 | S53: =ROUND(IF( Source!BI25 = 4, (ROUND((Source!CT25/IF(Source!BA25<> 0, Source!BA25,1) * Source!I25), 2)+ROUND((Source!CR25/IF(Source!BB25<> 0, Source!BB25,1) * Source!I25), 2)+ROUND((Source!CQ25/IF(Source!BC25<> 0, Source!BC25,1) * Source!I25), 2)+((Source!DN25/100)*ROUND((Source!CT25/IF(Source!BA25<>0,Source!BA25,1) * Source!I25), 2))+((Source!DO25/100)*ROUND((Source!CT25/IF(Source!BA25<>0,Source!BA25,1) * Source!I25), 2))+(ROUND((Source!CS25/IF(Source!BS25<>0,Source!BS25,1) * Source!I25), 2)* 1.75)), 0 ), 2) -> 0 | V53: =IF( Source!BI25 = 1, Source!O25 + Source!X25 + Source!Y25 + Source!R25*178/100, 0 ) -> 856.41 | W53: =IF( Source!BI25 = 2, Source!O25 + Source!X25 + Source!Y25 + Source!R25*178/100, 0 ) -> 0 | X53: =IF( Source!BI25 = 3, Source!O25 + Source!X25 + Source!Y25 + Source!R25*178/100, 0 ) -> 0 | Y53: =IF( Source!BI25 = 4, Source!O25 + Source!X25 + Source!Y25 + Source!R25*178/100, 0 ) -> 0
A54: 4 | B54: =Source!E27 -> 3 | C54: =Source!F27 -> 3.17-2-7 | D54: =Source!G27 -> УСТАНОВКА ПОЛОТЕНЦЕСУШИТЕЛЕЙ ИЗ НЕРЖАВЕЮЩЕЙ СТАЛИ ТИПА "ЛЕСЕНКА" | E54: =Source!H27 -> шт. | F54: =ROUND(Source!I27,6) -> 1 | Z54: 4
D55: ЗП | G55: =Source!AO27 -> 32.42 | H55: =Source!DG27 -> )*1,15 | I55: =Source!AV27 -> 1.067 | J55: =ROUND((Source!CT27/IF(Source!BA27<> 0, Source!BA27,1) * Source!I27), 2) -> 39.78 | K55: =Source!BA27 -> 12.7 | L55: =Source!S27 -> 505.22
D56: ЭМ | G56: =Source!AM27 -> 0.16 | H56: =Source!DE27 -> *1,25 | I56: =Source!AV27 -> 1.067 | J56: =ROUND((Source!CR27/IF(Source!BB27<> 0, Source!BB27,1) * Source!I27), 2) -> 0.21 | K56: =Source!BB27 -> 6.8 | L56: =Source!Q27 -> 1.45
D57: в т.ч. ЗПМ | G57: =Source!AN27 -> 0.02 | H57: =Source!DF27 -> *1,25 | I57: =Source!AV27 -> 1.067 | J57: =CONCATENATE("(",TEXT(+ ROUND((Source!CS27/IF(K57<> 0, K57,1) * Source!I27), 2),"0,00"),")") -> (0,03) | K57: =Source!BS27 -> 12.7 | L57: =CONCATENATE("(",TEXT(+Source!R27,"0,00"),")") -> (0,34) | M57: =ROUND(IF(K57<>0, Source!R27/K57, Source!R27), 2) -> 0.03
D58: МР | G58: =Source!AL27 -> 2.97 | H58: =Source!DD27 | I58: =Source!AW27 -> 1 | J58: =ROUND((Source!CQ27/IF(Source!BC27<> 0, Source!BC27,1) * Source!I27), 2) -> 2.97 | K58: =Source!BC27 -> 3.58 | L58: =Source!P27 -> 10.63
A59: 5 | B59: =Source!E28 -> 3,1 | C59: =Source!F28 -> 4951511000 | D59: =Source!G28 -> ПОЛОТЕНЦЕСУШИТЕЛИ ИЗ НЕРЖАВЕЮЩЕЙ СТАЛИ | E59: =Source!H28 -> шт. | F59: =ROUND(Source!I28,6) -> 1 | G59: =IF(Source!AL28=0,Source!AK28,Source!AL28) -> 0 | H59: =Source!DD28 | I59: =Source!AW28 -> 1 | J59: =ROUND((Source!CR28/IF(Source!BB28<> 0, Source!BB28,1) * Source!I28), 2) + ROUND((Source!CQ28/IF(Source!BC28<> 0, Source!BC28,1) * Source!I28), 2) + ROUND((Source!CT28/IF(Source!BA28<> 0, Source!BA28,1) * Source!I28), 2) -> 0 | K59: =Source!BC28 -> 1 | L59: =Source!O28 -> 0 | P59: =IF( Source!BI28 = 1, (ROUND((Source!CR28/IF(Source!BB28<> 0, Source!BB28,1) * Source!I28), 2) + ROUND((Source!CQ28/IF(Source!BC28<> 0, Source!BC28,1) * Source!I28), 2) + ROUND((Source!CT28/IF(Source!BA28<> 0, Source!BA28,1) * Source!I28), 2)), 0 ) -> 0 | Q59: =IF( Source!BI28 = 2, (ROUND((Source!CR28/IF(Source!BB28<> 0, Source!BB28,1) * Source!I28), 2) + ROUND((Source!CQ28/IF(Source!BC28<> 0, Source!BC28,1) * Source!I28), 2) + ROUND((Source!CT28/IF(Source!BA28<> 0, Source!BA28,1) * Source!I28), 2)), 0 ) -> 0 | R59: =IF( Source!BI28 = 3, (ROUND((Source!CR28/IF(Source!BB28<> 0, Source!BB28,1) * Source!I28), 2) + ROUND((Source!CQ28/IF(Source!BC28<> 0, Source!BC28,1) * Source!I28), 2) + ROUND((Source!CT28/IF(Source!BA28<> 0, Source!BA28,1) * Source!I28), 2)), 0 ) -> 0 | S59: =IF( Source!BI28 = 4, (ROUND((Source!CR28/IF(Source!BB28<> 0, Source!BB28,1) * Source!I28), 2) + ROUND((Source!CQ28/IF(Source!BC28<> 0, Source!BC28,1) * Source!I28), 2) + ROUND((Source!CT28/IF(Source!BA28<> 0, Source!BA28,1) * Source!I28), 2)), 0 ) -> 0 | V59: =IF( Source!BI28 = 1, Source!O28 + Source!X28 + Source!Y28, 0 ) -> 0 | W59: =IF( Source!BI28 = 2, Source!O28 + Source!X28 + Source!Y28, 0 ) -> 0 | X59: =IF( Source!BI28 = 3, Source!O28 + Source!X28 + Source!Y28, 0 ) -> 0 | Y59: =IF( Source!BI28 = 4, Source!O28 + Source!X28 + Source!Y28, 0 ) -> 0 | Z59: 5
A60: 6 | B60: =Source!E29 -> 3,2 | C60: =Source!F29 -> 4951541000 | D60: =Source!G29 -> ДЕТАЛИ СОЕДИНИТЕЛЬНЫЕ ДЛЯ ПОЛОТЕНЦЕСУШИТЕЛЕЙ - МУФТЫ | E60: =Source!H29 -> шт. | F60: =ROUND(Source!I29,6) -> 2 | G60: =IF(Source!AL29=0,Source!AK29,Source!AL29) -> 0 | H60: =Source!DD29 | I60: =Source!AW29 -> 1 | J60: =ROUND((Source!CR29/IF(Source!BB29<> 0, Source!BB29,1) * Source!I29), 2) + ROUND((Source!CQ29/IF(Source!BC29<> 0, Source!BC29,1) * Source!I29), 2) + ROUND((Source!CT29/IF(Source!BA29<> 0, Source!BA29,1) * Source!I29), 2) -> 0 | K60: =Source!BC29 -> 1 | L60: =Source!O29 -> 0 | P60: =IF( Source!BI29 = 1, (ROUND((Source!CR29/IF(Source!BB29<> 0, Source!BB29,1) * Source!I29), 2) + ROUND((Source!CQ29/IF(Source!BC29<> 0, Source!BC29,1) * Source!I29), 2) + ROUND((Source!CT29/IF(Source!BA29<> 0, Source!BA29,1) * Source!I29), 2)), 0 ) -> 0 | Q60: =IF( Source!BI29 = 2, (ROUND((Source!CR29/IF(Source!BB29<> 0, Source!BB29,1) * Source!I29), 2) + ROUND((Source!CQ29/IF(Source!BC29<> 0, Source!BC29,1) * Source!I29), 2) + ROUND((Source!CT29/IF(Source!BA29<> 0, Source!BA29,1) * Source!I29), 2)), 0 ) -> 0 | R60: =IF( Source!BI29 = 3, (ROUND((Source!CR29/IF(Source!BB29<> 0, Source!BB29,1) * Source!I29), 2) + ROUND((Source!CQ29/IF(Source!BC29<> 0, Source!BC29,1) * Source!I29), 2) + ROUND((Source!CT29/IF(Source!BA29<> 0, Source!BA29,1) * Source!I29), 2)), 0 ) -> 0 | S60: =IF( Source!BI29 = 4, (ROUND((Source!CR29/IF(Source!BB29<> 0, Source!BB29,1) * Source!I29), 2) + ROUND((Source!CQ29/IF(Source!BC29<> 0, Source!BC29,1) * Source!I29), 2) + ROUND((Source!CT29/IF(Source!BA29<> 0, Source!BA29,1) * Source!I29), 2)), 0 ) -> 0 | V60: =IF( Source!BI29 = 1, Source!O29 + Source!X29 + Source!Y29, 0 ) -> 0 | W60: =IF( Source!BI29 = 2, Source!O29 + Source!X29 + Source!Y29, 0 ) -> 0 | X60: =IF( Source!BI29 = 3, Source!O29 + Source!X29 + Source!Y29, 0 ) -> 0 | Y60: =IF( Source!BI29 = 4, Source!O29 + Source!X29 + Source!Y29, 0 ) -> 0 | Z60: 6
D61: НР от ЗП | E61: % | F61: =Source!DN27 -> 125 | J61: =ROUND((F61/100)* ROUND((Source!CT27/IF(Source!BA27<> 0, Source!BA27,1) * Source!I27), 2), 2) -> 49.73 | K61: =Source!AT27 -> 115 | L61: =Source!X27 -> 581
D62: СП от ЗП | E62: % | F62: =Source!DO27 -> 94 | J62: =ROUND((F62/100)* ROUND((Source!CT27/IF(Source!BA27<> 0, Source!BA27,1) * Source!I27), 2), 2) -> 37.39 | K62: =Source!AU27 -> 53 | L62: =Source!Y27 -> 267.77
D63: НР и СП от ЗПМ | E63: % | F63: 175 | J63: =ROUND(ROUND((Source!CS27/IF(Source!BS27<> 0, Source!BS27,1) * Source!I27), 2)*1.75, 2) -> 0.05 | K63: 178 | L63: =ROUND(Source!R27*K63/100, 2) -> 0.61
D64: ЗТР | E64: чел-ч | F64: =Source!AQ27 -> 2.76 | H64: =Source!DI27 -> )*1,15 | I64: =Source!AV27 -> 1.067 | J64: =ROUND(Source!U27,2) -> 3.39
J65: =ROUND((Source!CT27/IF(Source!BA27 <>0, Source!BA27, 1) * Source!I27), 2)+ROUND((Source!CR27 / IF(Source!BB27 <>0, Source!BB27, 1) * Source!I27), 2)+SUM(J58:J63) -> 130.13 | L65: =Source!S27+Source!Q27+SUM(L58:L63) -> 1366.68 | M65: =ROUND((Source!CT27/IF(Source!BA27<> 0, Source!BA27,1) * Source!I27), 2) -> 39.78 | N65: =J65 -> 130.13 | O65: =L65 -> 1366.68 | P65: =ROUND(IF( Source!BI27 = 1, (ROUND((Source!CT27/IF(Source!BA27<> 0, Source!BA27,1) * Source!I27), 2)+ROUND((Source!CR27/IF(Source!BB27<> 0, Source!BB27,1) * Source!I27), 2)+ROUND((Source!CQ27/IF(Source!BC27<> 0, Source!BC27,1) * Source!I27), 2)+((Source!DN27/100)*ROUND((Source!CT27/IF(Source!BA27<>0,Source!BA27,1) * Source!I27), 2))+((Source!DO27/100)*ROUND((Source!CT27/IF(Source!BA27<>0,Source!BA27,1) * Source!I27), 2))+(ROUND((Source!CS27/IF(Source!BS27<>0,Source!BS27,1) * Source!I27), 2)* 1.75)), 0 ), 2) -> 130.13 | Q65: =ROUND(IF( Source!BI27 = 2, (ROUND((Source!CT27/IF(Source!BA27<> 0, Source!BA27,1) * Source!I27), 2)+ROUND((Source!CR27/IF(Source!BB27<> 0, Source!BB27,1) * Source!I27), 2)+ROUND((Source!CQ27/IF(Source!BC27<> 0, Source!BC27,1) * Source!I27), 2)+((Source!DN27/100)*ROUND((Source!CT27/IF(Source!BA27<>0,Source!BA27,1) * Source!I27), 2))+((Source!DO27/100)*ROUND((Source!CT27/IF(Source!BA27<>0,Source!BA27,1) * Source!I27), 2))+(ROUND((Source!CS27/IF(Source!BS27<>0,Source!BS27,1) * Source!I27), 2)* 1.75)), 0 ), 2) -> 0 | R65: =ROUND(IF( Source!BI27 = 3, (ROUND((Source!CT27/IF(Source!BA27<> 0, Source!BA27,1) * Source!I27), 2)+ROUND((Source!CR27/IF(Source!BB27<> 0, Source!BB27,1) * Source!I27), 2)+ROUND((Source!CQ27/IF(Source!BC27<> 0, Source!BC27,1) * Source!I27), 2)+((Source!DN27/100)*ROUND((Source!CT27/IF(Source!BA27<>0,Source!BA27,1) * Source!I27), 2))+((Source!DO27/100)*ROUND((Source!CT27/IF(Source!BA27<>0,Source!BA27,1) * Source!I27), 2))+(ROUND((Source!CS27/IF(Source!BS27<>0,Source!BS27,1) * Source!I27), 2)* 1.75)), 0 ), 2) -> 0 | S65: =ROUND(IF( Source!BI27 = 4, (ROUND((Source!CT27/IF(Source!BA27<> 0, Source!BA27,1) * Source!I27), 2)+ROUND((Source!CR27/IF(Source!BB27<> 0, Source!BB27,1) * Source!I27), 2)+ROUND((Source!CQ27/IF(Source!BC27<> 0, Source!BC27,1) * Source!I27), 2)+((Source!DN27/100)*ROUND((Source!CT27/IF(Source!BA27<>0,Source!BA27,1) * Source!I27), 2))+((Source!DO27/100)*ROUND((Source!CT27/IF(Source!BA27<>0,Source!BA27,1) * Source!I27), 2))+(ROUND((Source!CS27/IF(Source!BS27<>0,Source!BS27,1) * Source!I27), 2)* 1.75)), 0 ), 2) -> 0 | V65: =IF( Source!BI27 = 1, Source!O27 + Source!X27 + Source!Y27 + Source!R27*178/100, 0 ) -> 1366.6752 | W65: =IF( Source!BI27 = 2, Source!O27 + Source!X27 + Source!Y27 + Source!R27*178/100, 0 ) -> 0 | X65: =IF( Source!BI27 = 3, Source!O27 + Source!X27 + Source!Y27 + Source!R27*178/100, 0 ) -> 0 | Y65: =IF( Source!BI27 = 4, Source!O27 + Source!X27 + Source!Y27 + Source!R27*178/100, 0 ) -> 0
A66: 7 | B66: =Source!E30 -> 4 | C66: =Source!F30 -> 4.8-243-8 | D66: =Source!G30 -> РОЗЕТКА ШТЕПСЕЛЬНАЯ НЕУТОПЛЕННОГО ТИПА ПРИ ОТКРЫТОЙ ПРОВОДКЕ | E66: =Source!H30 -> 100 шт. | F66: =ROUND(Source!I30,6) -> 0.01 | Z66: 7
D67: ЗП | G67: =Source!AO30 -> 483.99 | H67: =Source!DG30 -> )*1,15 | I67: =Source!AV30 -> 1.047 | J67: =ROUND((Source!CT30/IF(Source!BA30<> 0, Source!BA30,1) * Source!I30), 2) -> 5.83 | K67: =Source!BA30 -> 12.7 | L67: =Source!S30 -> 74.01
D68: ЭМ | G68: =Source!AM30 -> 15.74 | H68: =Source!DE30 -> *1,25 | I68: =Source!AV30 -> 1.047 | J68: =ROUND((Source!CR30/IF(Source!BB30<> 0, Source!BB30,1) * Source!I30), 2) -> 0.21 | K68: =Source!BB30 -> 9.17 | L68: =Source!Q30 -> 1.89
D69: в т.ч. ЗПМ | G69: =Source!AN30 -> 1.18 | H69: =Source!DF30 -> *1,25 | I69: =Source!AV30 -> 1.047 | J69: =CONCATENATE("(",TEXT(+ ROUND((Source!CS30/IF(K69<> 0, K69,1) * Source!I30), 2),"0,00"),")") -> (0,02) | K69: =Source!BS30 -> 12.7 | L69: =CONCATENATE("(",TEXT(+Source!R30,"0,00"),")") -> (0,20) | M69: =ROUND(IF(K69<>0, Source!R30/K69, Source!R30), 2) -> 0.02
D70: МР | G70: =Source!AL30 -> 26.88 | H70: =Source!DD30 | I70: =Source!AW30 -> 1 | J70: =ROUND((Source!CQ30/IF(Source!BC30<> 0, Source!BC30,1) * Source!I30), 2) -> 0.27 | K70: =Source!BC30 -> 4.56 | L70: =Source!P30 -> 1.23
D71: НР от ЗП | E71: % | F71: =Source!DN30 -> 112 | J71: =ROUND((F71/100)* ROUND((Source!CT30/IF(Source!BA30<> 0, Source!BA30,1) * Source!I30), 2), 2) -> 6.53 | K71: =Source!AT30 -> 102 | L71: =Source!X30 -> 75.49
D72: СП от ЗП | E72: % | F72: =Source!DO30 -> 70 | J72: =ROUND((F72/100)* ROUND((Source!CT30/IF(Source!BA30<> 0, Source!BA30,1) * Source!I30), 2), 2) -> 4.08 | K72: =Source!AU30 -> 45 | L72: =Source!Y30 -> 33.3
D73: НР и СП от ЗПМ | E73: % | F73: 175 | J73: =ROUND(ROUND((Source!CS30/IF(Source!BS30<> 0, Source!BS30,1) * Source!I30), 2)*1.75, 2) -> 0.04 | K73: 178 | L73: =ROUND(Source!R30*K73/100, 2) -> 0.36
D74: ЗТР | E74: чел-ч | F74: =Source!AQ30 -> 37.23 | H74: =Source!DI30 -> )*1,15 | I74: =Source!AV30 -> 1.047 | J74: =ROUND(Source!U30,2) -> 0.45
J75: =ROUND((Source!CT30/IF(Source!BA30 <>0, Source!BA30, 1) * Source!I30), 2)+ROUND((Source!CR30 / IF(Source!BB30 <>0, Source!BB30, 1) * Source!I30), 2)+SUM(J70:J73) -> 16.96 | L75: =Source!S30+Source!Q30+SUM(L70:L73) -> 186.28 | M75: =ROUND((Source!CT30/IF(Source!BA30<> 0, Source!BA30,1) * Source!I30), 2) -> 5.83 | N75: =J75 -> 16.96 | O75: =L75 -> 186.28 | P75: =ROUND(IF( Source!BI30 = 1, (ROUND((Source!CT30/IF(Source!BA30<> 0, Source!BA30,1) * Source!I30), 2)+ROUND((Source!CR30/IF(Source!BB30<> 0, Source!BB30,1) * Source!I30), 2)+ROUND((Source!CQ30/IF(Source!BC30<> 0, Source!BC30,1) * Source!I30), 2)+((Source!DN30/100)*ROUND((Source!CT30/IF(Source!BA30<>0,Source!BA30,1) * Source!I30), 2))+((Source!DO30/100)*ROUND((Source!CT30/IF(Source!BA30<>0,Source!BA30,1) * Source!I30), 2))+(ROUND((Source!CS30/IF(Source!BS30<>0,Source!BS30,1) * Source!I30), 2)* 1.75)), 0 ), 2) -> 0 | Q75: =ROUND(IF( Source!BI30 = 2, (ROUND((Source!CT30/IF(Source!BA30<> 0, Source!BA30,1) * Source!I30), 2)+ROUND((Source!CR30/IF(Source!BB30<> 0, Source!BB30,1) * Source!I30), 2)+ROUND((Source!CQ30/IF(Source!BC30<> 0, Source!BC30,1) * Source!I30), 2)+((Source!DN30/100)*ROUND((Source!CT30/IF(Source!BA30<>0,Source!BA30,1) * Source!I30), 2))+((Source!DO30/100)*ROUND((Source!CT30/IF(Source!BA30<>0,Source!BA30,1) * Source!I30), 2))+(ROUND((Source!CS30/IF(Source!BS30<>0,Source!BS30,1) * Source!I30), 2)* 1.75)), 0 ), 2) -> 16.96 | R75: =ROUND(IF( Source!BI30 = 3, (ROUND((Source!CT30/IF(Source!BA30<> 0, Source!BA30,1) * Source!I30), 2)+ROUND((Source!CR30/IF(Source!BB30<> 0, Source!BB30,1) * Source!I30), 2)+ROUND((Source!CQ30/IF(Source!BC30<> 0, Source!BC30,1) * Source!I30), 2)+((Source!DN30/100)*ROUND((Source!CT30/IF(Source!BA30<>0,Source!BA30,1) * Source!I30), 2))+((Source!DO30/100)*ROUND((Source!CT30/IF(Source!BA30<>0,Source!BA30,1) * Source!I30), 2))+(ROUND((Source!CS30/IF(Source!BS30<>0,Source!BS30,1) * Source!I30), 2)* 1.75)), 0 ), 2) -> 0 | S75: =ROUND(IF( Source!BI30 = 4, (ROUND((Source!CT30/IF(Source!BA30<> 0, Source!BA30,1) * Source!I30), 2)+ROUND((Source!CR30/IF(Source!BB30<> 0, Source!BB30,1) * Source!I30), 2)+ROUND((Source!CQ30/IF(Source!BC30<> 0, Source!BC30,1) * Source!I30), 2)+((Source!DN30/100)*ROUND((Source!CT30/IF(Source!BA30<>0,Source!BA30,1) * Source!I30), 2))+((Source!DO30/100)*ROUND((Source!CT30/IF(Source!BA30<>0,Source!BA30,1) * Source!I30), 2))+(ROUND((Source!CS30/IF(Source!BS30<>0,Source!BS30,1) * Source!I30), 2)* 1.75)), 0 ), 2) -> 0 | V75: =IF( Source!BI30 = 1, Source!O30 + Source!X30 + Source!Y30 + Source!R30*178/100, 0 ) -> 0 | W75: =IF( Source!BI30 = 2, Source!O30 + Source!X30 + Source!Y30 + Source!R30*178/100, 0 ) -> 186.276 | X75: =IF( Source!BI30 = 3, Source!O30 + Source!X30 + Source!Y30 + Source!R30*178/100, 0 ) -> 0 | Y75: =IF( Source!BI30 = 4, Source!O30 + Source!X30 + Source!Y30 + Source!R30*178/100, 0 ) -> 0
A76: 8 | B76: =Source!E31 -> 5 | C76: =Source!F31 -> 4.8-243-9 | D76: =Source!G31 -> РОЗЕТКА ШТЕПСЕЛЬНАЯ УТОПЛЕННОГО ТИПА ПРИ СКРЫТОЙ ПРОВОДКЕ | E76: =Source!H31 -> 100 шт. | F76: =ROUND(Source!I31,6) -> 0.01 | Z76: 8
D77: ЗП | G77: =Source!AO31 -> 455 | H77: =Source!DG31 -> )*1,15 | I77: =Source!AV31 -> 1.047 | J77: =ROUND((Source!CT31/IF(Source!BA31<> 0, Source!BA31,1) * Source!I31), 2) -> 5.48 | K77: =Source!BA31 -> 12.7 | L77: =Source!S31 -> 69.58
D78: ЭМ | G78: =Source!AM31 -> 2.71 | H78: =Source!DE31 -> *1,25 | I78: =Source!AV31 -> 1.047 | J78: =ROUND((Source!CR31/IF(Source!BB31<> 0, Source!BB31,1) * Source!I31), 2) -> 0.04 | K78: =Source!BB31 -> 7.58 | L78: =Source!Q31 -> 0.27
D79: в т.ч. ЗПМ | G79: =Source!AN31 -> 0.63 | H79: =Source!DF31 -> *1,25 | I79: =Source!AV31 -> 1.047 | J79: =CONCATENATE("(",TEXT(+ ROUND((Source!CS31/IF(K79<> 0, K79,1) * Source!I31), 2),"0,00"),")") -> (0,01) | K79: =Source!BS31 -> 12.7 | L79: =CONCATENATE("(",TEXT(+Source!R31,"0,00"),")") -> (0,10) | M79: =ROUND(IF(K79<>0, Source!R31/K79, Source!R31), 2) -> 0.01
D80: МР | G80: =Source!AL31 -> 27.86 | H80: =Source!DD31 | I80: =Source!AW31 -> 1 | J80: =ROUND((Source!CQ31/IF(Source!BC31<> 0, Source!BC31,1) * Source!I31), 2) -> 0.28 | K80: =Source!BC31 -> 4.56 | L80: =Source!P31 -> 1.27
D81: НР от ЗП | E81: % | F81: =Source!DN31 -> 112 | J81: =ROUND((F81/100)* ROUND((Source!CT31/IF(Source!BA31<> 0, Source!BA31,1) * Source!I31), 2), 2) -> 6.14 | K81: =Source!AT31 -> 102 | L81: =Source!X31 -> 70.97
D82: СП от ЗП | E82: % | F82: =Source!DO31 -> 70 | J82: =ROUND((F82/100)* ROUND((Source!CT31/IF(Source!BA31<> 0, Source!BA31,1) * Source!I31), 2), 2) -> 3.84 | K82: =Source!AU31 -> 45 | L82: =Source!Y31 -> 31.31
D83: НР и СП от ЗПМ | E83: % | F83: 175 | J83: =ROUND(ROUND((Source!CS31/IF(Source!BS31<> 0, Source!BS31,1) * Source!I31), 2)*1.75, 2) -> 0.02 | K83: 178 | L83: =ROUND(Source!R31*K83/100, 2) -> 0.18
D84: ЗТР | E84: чел-ч | F84: =Source!AQ31 -> 35 | H84: =Source!DI31 -> )*1,15 | I84: =Source!AV31 -> 1.047 | J84: =ROUND(Source!U31,2) -> 0.42
J85: =ROUND((Source!CT31/IF(Source!BA31 <>0, Source!BA31, 1) * Source!I31), 2)+ROUND((Source!CR31 / IF(Source!BB31 <>0, Source!BB31, 1) * Source!I31), 2)+SUM(J80:J83) -> 15.8 | L85: =Source!S31+Source!Q31+SUM(L80:L83) -> 173.58 | M85: =ROUND((Source!CT31/IF(Source!BA31<> 0, Source!BA31,1) * Source!I31), 2) -> 5.48 | N85: =J85 -> 15.8 | O85: =L85 -> 173.58 | P85: =ROUND(IF( Source!BI31 = 1, (ROUND((Source!CT31/IF(Source!BA31<> 0, Source!BA31,1) * Source!I31), 2)+ROUND((Source!CR31/IF(Source!BB31<> 0, Source!BB31,1) * Source!I31), 2)+ROUND((Source!CQ31/IF(Source!BC31<> 0, Source!BC31,1) * Source!I31), 2)+((Source!DN31/100)*ROUND((Source!CT31/IF(Source!BA31<>0,Source!BA31,1) * Source!I31), 2))+((Source!DO31/100)*ROUND((Source!CT31/IF(Source!BA31<>0,Source!BA31,1) * Source!I31), 2))+(ROUND((Source!CS31/IF(Source!BS31<>0,Source!BS31,1) * Source!I31), 2)* 1.75)), 0 ), 2) -> 0 | Q85: =ROUND(IF( Source!BI31 = 2, (ROUND((Source!CT31/IF(Source!BA31<> 0, Source!BA31,1) * Source!I31), 2)+ROUND((Source!CR31/IF(Source!BB31<> 0, Source!BB31,1) * Source!I31), 2)+ROUND((Source!CQ31/IF(Source!BC31<> 0, Source!BC31,1) * Source!I31), 2)+((Source!DN31/100)*ROUND((Source!CT31/IF(Source!BA31<>0,Source!BA31,1) * Source!I31), 2))+((Source!DO31/100)*ROUND((Source!CT31/IF(Source!BA31<>0,Source!BA31,1) * Source!I31), 2))+(ROUND((Source!CS31/IF(Source!BS31<>0,Source!BS31,1) * Source!I31), 2)* 1.75)), 0 ), 2) -> 15.79 | R85: =ROUND(IF( Source!BI31 = 3, (ROUND((Source!CT31/IF(Source!BA31<> 0, Source!BA31,1) * Source!I31), 2)+ROUND((Source!CR31/IF(Source!BB31<> 0, Source!BB31,1) * Source!I31), 2)+ROUND((Source!CQ31/IF(Source!BC31<> 0, Source!BC31,1) * Source!I31), 2)+((Source!DN31/100)*ROUND((Source!CT31/IF(Source!BA31<>0,Source!BA31,1) * Source!I31), 2))+((Source!DO31/100)*ROUND((Source!CT31/IF(Source!BA31<>0,Source!BA31,1) * Source!I31), 2))+(ROUND((Source!CS31/IF(Source!BS31<>0,Source!BS31,1) * Source!I31), 2)* 1.75)), 0 ), 2) -> 0 | S85: =ROUND(IF( Source!BI31 = 4, (ROUND((Source!CT31/IF(Source!BA31<> 0, Source!BA31,1) * Source!I31), 2)+ROUND((Source!CR31/IF(Source!BB31<> 0, Source!BB31,1) * Source!I31), 2)+ROUND((Source!CQ31/IF(Source!BC31<> 0, Source!BC31,1) * Source!I31), 2)+((Source!DN31/100)*ROUND((Source!CT31/IF(Source!BA31<>0,Source!BA31,1) * Source!I31), 2))+((Source!DO31/100)*ROUND((Source!CT31/IF(Source!BA31<>0,Source!BA31,1) * Source!I31), 2))+(ROUND((Source!CS31/IF(Source!BS31<>0,Source!BS31,1) * Source!I31), 2)* 1.75)), 0 ), 2) -> 0 | V85: =IF( Source!BI31 = 1, Source!O31 + Source!X31 + Source!Y31 + Source!R31*178/100, 0 ) -> 0 | W85: =IF( Source!BI31 = 2, Source!O31 + Source!X31 + Source!Y31 + Source!R31*178/100, 0 ) -> 173.578 | X85: =IF( Source!BI31 = 3, Source!O31 + Source!X31 + Source!Y31 + Source!R31*178/100, 0 ) -> 0 | Y85: =IF( Source!BI31 = 4, Source!O31 + Source!X31 + Source!Y31 + Source!R31*178/100, 0 ) -> 0
D87: Итого | I87: =SUM(N33:N86) -> 256.65 | K87: =SUM(O33:O86) -> 2753.2 | M87: =SUM(M33:M86) -> 84.4
D89: Итого по локальной смете | E89: =Source!G33 -> Новая локальная смета
D90: =Source!H49 -> Итого | K90: =Source!F49 -> 2753.19
D91: =Source!H50 -> НДС 18% | K91: =Source!F50 -> 495.57
D92: =Source!H51 -> Итого с НДС 18% | K92: =Source!F51 -> 3248.76
D93: Итого по смете | I93: =I87 -> 256.65 | K93: =K87 -> 2753.2
C95: Ресурсная ведомость
C96: Обоснование | D96: Наименование | E96: Единица измерения | F96: Объем | G96: Цена | H96: Стоимость
C97: 1 | D97: 2 | E97: 3 | F97: 4 | G97: 5 | H97: 6
C98: Трудовые ресурсы:
C99: =SmtRes!I8 -> 9999990008 | D99: =SmtRes!K8 -> ТРУДОЗАТРАТЫ РАБОЧИХ (ЭСН) | E99: =SmtRes!O8 -> чел.-ч. | F99: =SUM( RV_Data!F1 : RV_Data!F3 ) -> 5.751 | G99: =ROUND(SmtRes!AD8, 2) -> 0 | H99: =SUM( RV_Data!H1 : RV_Data!H3 ) -> 0
C100: Итого: | G100: =SUM(H99:H99 ) -> 0
C101: Машины и механизмы:
C102: =SmtRes!I9 -> 2.0-0-0 | D102: =SmtRes!K9 -> СТОИМОСТЬ ПРОЧИХ МАШИН (ЭСН) | E102: =SmtRes!O9 -> руб. | F102: =SUM( RV_Data!F4 : RV_Data!F4 ) -> 0.1375 | G102: =ROUND(SmtRes!AB9, 2) -> 1 | H102: =SUM( RV_Data!H4 : RV_Data!H4 ) -> 0.14
C103: =SmtRes!I10 -> 2.1-30-56 | D103: =SmtRes!K10 -> ШУРУПОВЕРТЫ | E103: =SmtRes!O10 -> маш.-ч | F103: =SUM( RV_Data!F5 : RV_Data!F5 ) -> 0.0125 | G103: =ROUND(SmtRes!AB10, 2) -> 0.64 | H103: =SUM( RV_Data!H5 : RV_Data!H5 ) -> 0.01
C104: =SmtRes!I11 -> 2.1-30-6 | D104: =SmtRes!K11 -> ДРЕЛИ ЭЛЕКТРИЧЕСКИЕ | E104: =SmtRes!O11 -> маш.-ч | F104: =SUM( RV_Data!F6 : RV_Data!F6 ) -> 0.025 | G104: =ROUND(SmtRes!AB11, 2) -> 2.36 | H104: =SUM( RV_Data!H6 : RV_Data!H6 ) -> 0.06
C105: Итого: | G105: =SUM(H102:H104 ) -> 0.21
C106: Материальные ресурсы:
C107: =SmtRes!I2 -> 1.0-0-0 | D107: =SmtRes!K2 -> МАССА МУСОРА | E107: =SmtRes!O2 -> т | F107: =SUM( RV_Data!F7 : RV_Data!F7 ) -> 0.0009 | G107: =ROUND(SmtRes!AA2, 2) -> 0 | H107: =SUM( RV_Data!H7 : RV_Data!H7 ) -> 0
C108: =SmtRes!I4 -> 1.1-1-1338 | D108: =SmtRes!K4 -> ЦЕМЕНТ ГИПСОГЛИНОЗЕМИСТЫЙ РАСШИРЯЮЩИЙСЯ | E108: =SmtRes!O4 -> т | F108: =SUM( RV_Data!F8 : RV_Data!F8 ) -> 7.9e-05 | G108: =ROUND(SmtRes!AA4, 2) -> 483.86 | H108: =SUM( RV_Data!H8 : RV_Data!H8 ) -> 0.04
C109: =SmtRes!I5 -> 1.1-1-1502 | D109: =SmtRes!K5 -> ШУРУПЫ С ПОТАЙНОЙ ГОЛОВКОЙ, ЧЕРНЫЕ, РАЗМЕР 8,0Х100 ММ | E109: =SmtRes!O5 -> т | F109: =SUM( RV_Data!F9 : RV_Data!F9 ) -> 0.000108 | G109: =ROUND(SmtRes!AA5, 2) -> 17750.86 | H109: =SUM( RV_Data!H9 : RV_Data!H9 ) -> 1.92
...

Sheet Смета по ТСН-2001
A1: =CONCATENATE(Source!B1, " ТСН-2001 (© ОАО МЦЦС 'Мосстройцены', 2006)") -> Smeta.ru (495) 974-1589 ТСН-2001 (© ОАО МЦЦС 'Мосстройцены', 2006)
K2: Форма № 1а
A3: "СОГЛАСОВАНО" | F3: "УТВЕРЖДАЮ"
A5: =Source!AS12 | C5: =Source!CH12 | F5: =Source!AR12 | I5: =Source!CG12
C7: =Source!M12 | H7: =Source!L12
A9: "_____"________________200___ г. | F9: "_____"________________200___ г.
A12: =IF(Source!G4<>"",Source!G4,IF(Source!F4<>"",Source!F4,IF(Source!G5<>"",Source!G5,IF(Source!F5<>"",Source!F5,IF(Source!G6<>"",Source!G6,IF(Source!F6<>"",Source!F6," ")))))) | AA12: =IF(Source!G4<>"",Source!G4,IF(Source!F4<>"",Source!F4,IF(Source!G5<>"",Source!G5,IF(Source!F5<>"",Source!F5,IF(Source!G6<>"",Source!G6,IF(Source!F6<>"",Source!F6," "))))))
A13: (Наименование стройки)
A15: =CONCATENATE( "ЛОКАЛЬНАЯ СМЕТА № ", Source!F20) -> ЛОКАЛЬНАЯ СМЕТА № Новая локальная смета | AA15: =CONCATENATE( "ЛОКАЛЬНАЯ СМЕТА № ", Source!F20) -> ЛОКАЛЬНАЯ СМЕТА № Новая локальная смета
A16: (локальный сметный расчет)
A18: =Source!G20 -> Новая локальная смета | AA18: =Source!G20 -> Новая локальная смета
A20: на | B20: =IF(Source!G12<>"",Source!G12,Source!F12) -> Новый объект | AA20: =IF(Source!G12<>"",Source!G12,Source!F12) -> Новый объект
B21: (наименование работ и затрат, наименование объекта)
A23: =CONCATENATE( "Основание: чертежи № ", Source!J20) -> Основание: чертежи № | AA23: =CONCATENATE( "Основание: чертежи № ", Source!J20) -> Основание: чертежи №
I25: базовая | J25: текущая
I26: цена | J26: цена
G27: Сметная стоимость | I27: =H100/1000 -> 0.25665 | J27: =(Source!O22+Source!X22+Source!Y22+Source!R22*178/100)/1000 -> 2.7531892 | K27: тыс.руб
G28: Строительные работы | I28: =SUM(O40:O101)/1000 -> 0.22389 | J28: =SUM(U40:U101)/1000 -> 2.3933352 | K28: тыс.руб
G29: Монтажные работы | I29: =SUM(P40:P101)/1000 -> 0.03275 | J29: =SUM(V40:V101)/1000 -> 0.359854 | K29: тыс.руб
G30: Оборудование | I30: =SUM(Q40:Q101)/1000 -> 0 | J30: =SUM(W40:W101)/1000 -> 0 | K30: тыс.руб
G31: Прочие работы | I31: =SUM(R40:R101)/1000 -> 0 | J31: =SUM(X40:X101)/1000 -> 0 | K31: тыс.руб
G32: Средства на оплату труда | I32: =L100/1000 -> 0.0844 | J32: =((Source!F41 + Source!F40)/1000) -> 1.07174 | K32: тыс.руб
A33: Составлен(а) в уровне текущих (прогнозных) цен на | D33: =IF(AND(Source!P12<>0,Source!Q12<>0),DATE(Source!P12,Source!Q12,1),IF(Source!AF12=0,"",IF(Source!AN12=0,"",DATE(Source!AF12,Source!AN12,1)))) -> 40878 | E33: =IF(AND(Source!P12<>0,Source!Q12<>0),Source!P12,IF(Source!AF12=0,"",Source!AF12)) -> 2011 | F33: г.
F34: Цена | G34: Коэффициенты | I34: ВСЕГО | J34: Коэфф. | K34: ВСЕГО | Y34: -1
A35: № | B35: Шифр | D35: Единица | E35: Кол-во | F35: на ед. | H35: зимних | I35: в базисных | J35: пере- | K35: в текущих
A36: п/п | B36: расценки | C36: Наименование работ и затрат | D36: изме- | E36: единиц | F36: изм. | G36: попра- | H36: удоро- | I36: ценах, | J36: счета | K36: (прогнозных)
B37: и коды | D37: рения | F37: руб. | G37: вочные | H37: жаний | I37: руб. | J37: и нормы | K37: ценах, руб.
B38: ресурсов | J38: НР и СП
A39: 1 | B39: 2 | C39: 3 | D39: 4 | E39: 5 | F39: 6 | G39: 7 | H39: 8 | I39: 9 | J39: 10 | K39: 11
A40: =Source!E24 -> 1 | B40: =Source!F24 -> 6.65-3-2 | C40: =Source!G24 -> ДЕМОНТАЖ ВЕНТИЛЯ | D40: =Source!H24 -> 100 шт. | E40: =ROUND(Source!I24,6) -> 0.01 | Y40: 1
C41: ЗП | F41: =Source!AO24 -> 576.73 | G41: =Source!DG24 | H41: =Source!AV24 -> 1.047 | I41: =ROUND((Source!CT24/IF(Source!BA24<> 0, Source!BA24,1) * Source!I24), 2) -> 6.04 | J41: =Source!BA24 -> 12.7 | K41: =Source!S24 -> 76.69
C42: ЭМ | F42: =Source!AM24 -> 0 | G42: =Source!DE24 | H42: =Source!AV24 -> 1.047 | I42: =ROUND((Source!CR24/IF(Source!BB24<> 0, Source!BB24,1) * Source!I24), 2) -> 0 | J42: =Source!BB24 -> 1 | K42: =Source!Q24 -> 0
C43: в т.ч. ЗПМ | F43: =Source!AN24 -> 0 | G43: =Source!DF24 | H43: =Source!AV24 -> 1.047 | I43: =CONCATENATE("(",TEXT(+ ROUND((Source!CS24/IF(J43<> 0, J43,1) * Source!I24), 2),"0,00"),")") -> (0,00) | J43: =Source!BS24 -> 12.7 | K43: =CONCATENATE("(",TEXT(+Source!R24,"0,00"),")") -> (0,00) | L43: =ROUND(IF(J43<>0, Source!R24/J43, Source!R24), 2) -> 0
C44: МР | F44: =Source!AL24 -> 0 | G44: =Source!DD24 | H44: =Source!AW24 -> 1 | I44: =ROUND((Source!CQ24/IF(Source!BC24<> 0, Source!BC24,1) * Source!I24), 2) -> 0 | J44: =Source!BC24 -> 1 | K44: =Source!P24 -> 0
C45: НР от ЗП | D45: % | E45: =Source!DN24 -> 80 | I45: =ROUND((E45/100)* ROUND((Source!CT24/IF(Source!BA24<> 0, Source!BA24,1) * Source!I24), 2), 2) -> 4.83 | J45: =Source!AT24 -> 77 | K45: =Source!X24 -> 59.05
C46: СП от ЗП | D46: % | E46: =Source!DO24 -> 55 | I46: =ROUND((E46/100)* ROUND((Source!CT24/IF(Source!BA24<> 0, Source!BA24,1) * Source!I24), 2), 2) -> 3.32 | J46: =Source!AU24 -> 45 | K46: =Source!Y24 -> 34.51
C47: НР и СП от ЗПМ | D47: % | E47: 175 | I47: =ROUND(ROUND((Source!CS24/IF(Source!BS24<> 0, Source!BS24,1) * Source!I24), 2)*1.75, 2) -> 0 | J47: 178 | K47: =ROUND(Source!R24*J47/100, 2) -> 0
C48: ЗТР | D48: чел-ч | E48: =Source!AQ24 -> 45.7 | G48: =Source!DI24 | H48: =Source!AV24 -> 1.047 | I48: =ROUND(Source!U24,2) -> 0.48
I49: =ROUND((Source!CT24/IF(Source!BA24 <>0, Source!BA24, 1) * Source!I24), 2)+ROUND((Source!CR24 / IF(Source!BB24 <>0, Source!BB24, 1) * Source!I24), 2)+SUM(I44:I47) -> 14.19 | K49: =Source!S24+Source!Q24+SUM(K44:K47) -> 170.25 | L49: =ROUND((Source!CT24/IF(Source!BA24<> 0, Source!BA24,1) * Source!I24), 2) -> 6.04 | M49: =I49 -> 14.19 | N49: =K49 -> 170.25 | O49: =ROUND(IF( Source!BI24 = 1, (ROUND((Source!CT24/IF(Source!BA24<> 0, Source!BA24,1) * Source!I24), 2)+ROUND((Source!CR24/IF(Source!BB24<> 0, Source!BB24,1) * Source!I24), 2)+ROUND((Source!CQ24/IF(Source!BC24<> 0, Source!BC24,1) * Source!I24), 2)+((Source!DN24/100)*ROUND((Source!CT24/IF(Source!BA24<>0,Source!BA24,1) * Source!I24), 2))+((Source!DO24/100)*ROUND((Source!CT24/IF(Source!BA24<>0,Source!BA24,1) * Source!I24), 2))+(ROUND((Source!CS24/IF(Source!BS24<>0,Source!BS24,1) * Source!I24), 2)* 1.75)), 0 ), 2) -> 14.19 | P49: =ROUND(IF( Source!BI24 = 2, (ROUND((Source!CT24/IF(Source!BA24<> 0, Source!BA24,1) * Source!I24), 2)+ROUND((Source!CR24/IF(Source!BB24<> 0, Source!BB24,1) * Source!I24), 2)+ROUND((Source!CQ24/IF(Source!BC24<> 0, Source!BC24,1) * Source!I24), 2)+((Source!DN24/100)*ROUND((Source!CT24/IF(Source!BA24<>0,Source!BA24,1) * Source!I24), 2))+((Source!DO24/100)*ROUND((Source!CT24/IF(Source!BA24<>0,Source!BA24,1) * Source!I24), 2))+(ROUND((Source!CS24/IF(Source!BS24<>0,Source!BS24,1) * Source!I24), 2)* 1.75)), 0 ), 2) -> 0 | Q49: =ROUND(IF( Source!BI24 = 3, (ROUND((Source!CT24/IF(Source!BA24<> 0, Source!BA24,1) * Source!I24), 2)+ROUND((Source!CR24/IF(Source!BB24<> 0, Source!BB24,1) * Source!I24), 2)+ROUND((Source!CQ24/IF(Source!BC24<> 0, Source!BC24,1) * Source!I24), 2)+((Source!DN24/100)*ROUND((Source!CT24/IF(Source!BA24<>0,Source!BA24,1) * Source!I24), 2))+((Source!DO24/100)*ROUND((Source!CT24/IF(Source!BA24<>0,Source!BA24,1) * Source!I24), 2))+(ROUND((Source!CS24/IF(Source!BS24<>0,Source!BS24,1) * Source!I24), 2)* 1.75)), 0 ), 2) -> 0 | R49: =ROUND(IF( Source!BI24 = 4, (ROUND((Source!CT24/IF(Source!BA24<> 0, Source!BA24,1) * Source!I24), 2)+ROUND((Source!CR24/IF(Source!BB24<> 0, Source!BB24,1) * Source!I24), 2)+ROUND((Source!CQ24/IF(Source!BC24<> 0, Source!BC24,1) * Source!I24), 2)+((Source!DN24/100)*ROUND((Source!CT24/IF(Source!BA24<>0,Source!BA24,1) * Source!I24), 2))+((Source!DO24/100)*ROUND((Source!CT24/IF(Source!BA24<>0,Source!BA24,1) * Source!I24), 2))+(ROUND((Source!CS24/IF(Source!BS24<>0,Source!BS24,1) * Source!I24), 2)* 1.75)), 0 ), 2) -> 0 | U49: =IF( Source!BI24 = 1, Source!O24 + Source!X24 + Source!Y24 + Source!R24*178/100, 0 ) -> 170.25 | V49: =IF( Source!BI24 = 2, Source!O24 + Source!X24 + Source!Y24 + Source!R24*178/100, 0 ) -> 0 | W49: =IF( Source!BI24 = 3, Source!O24 + Source!X24 + Source!Y24 + Source!R24*178/100, 0 ) -> 0 | X49: =IF( Source!BI24 = 4, Source!O24 + Source!X24 + Source!Y24 + Source!R24*178/100, 0 ) -> 0
A50: =Source!E25 -> 2 | B50: =Source!F25 -> 6.65-10-1 | C50: =Source!G25 -> СМЕНА САНИТАРНО-ТЕХНИЧЕСКИХ ПРИБОРОВ РАКОВИН (УМЫВАЛЬНИКОВ) | D50: =Source!H25 -> 100 компл. | E50: =ROUND(Source!I25,6) -> 0.01 | Y50: 2
C51: ЗП | F51: =Source!AO25 -> 2550.36 | G51: =Source!DG25 | H51: =Source!AV25 -> 1.067 | I51: =ROUND((Source!CT25/IF(Source!BA25<> 0, Source!BA25,1) * Source!I25), 2) -> 27.21 | J51: =Source!BA25 -> 12.7 | K51: =Source!S25 -> 345.6
C52: ЭМ | F52: =Source!AM25 -> 0 | G52: =Source!DE25 | H52: =Source!AV25 -> 1.067 | I52: =ROUND((Source!CR25/IF(Source!BB25<> 0, Source!BB25,1) * Source!I25), 2) -> 0 | J52: =Source!BB25 -> 1 | K52: =Source!Q25 -> 0
C53: в т.ч. ЗПМ | F53: =Source!AN25 -> 0 | G53: =Source!DF25 | H53: =Source!AV25 -> 1.067 | I53: =CONCATENATE("(",TEXT(+ ROUND((Source!CS25/IF(J53<> 0, J53,1) * Source!I25), 2),"0,00"),")") -> (0,00) | J53: =Source!BS25 -> 12.7 | K53: =CONCATENATE("(",TEXT(+Source!R25,"0,00"),")") -> (0,00) | L53: =ROUND(IF(J53<>0, Source!R25/J53, Source!R25), 2) -> 0
C54: МР | F54: =Source!AL25 -> 229.06 | G54: =Source!DD25 | H54: =Source!AW25 -> 1 | I54: =ROUND((Source!CQ25/IF(Source!BC25<> 0, Source!BC25,1) * Source!I25), 2) -> 2.29 | J54: =Source!BC25 -> 4.23 | K54: =Source!P25 -> 9.69
A55: =Source!E26 -> 2,1 | B55: =Source!F26 -> 4962130000 | C55: =Source!G26 -> УМЫВАЛЬНИКИ | D55: =Source!H26 -> компл. | E55: =ROUND(Source!I26,6) -> 1 | F55: =IF(Source!AL26=0,Source!AK26,Source!AL26) -> 0 | G55: =Source!DD26 | H55: =Source!AW26 -> 1 | I55: =ROUND((Source!CR26/IF(Source!BB26<> 0, Source!BB26,1) * Source!I26), 2) + ROUND((Source!CQ26/IF(Source!BC26<> 0, Source!BC26,1) * Source!I26), 2) + ROUND((Source!CT26/IF(Source!BA26<> 0, Source!BA26,1) * Source!I26), 2) -> 0 | J55: =Source!BC26 -> 1 | K55: =Source!O26 -> 0 | O55: =IF( Source!BI26 = 1, (ROUND((Source!CR26/IF(Source!BB26<> 0, Source!BB26,1) * Source!I26), 2) + ROUND((Source!CQ26/IF(Source!BC26<> 0, Source!BC26,1) * Source!I26), 2) + ROUND((Source!CT26/IF(Source!BA26<> 0, Source!BA26,1) * Source!I26), 2)), 0 ) -> 0 | P55: =IF( Source!BI26 = 2, (ROUND((Source!CR26/IF(Source!BB26<> 0, Source!BB26,1) * Source!I26), 2) + ROUND((Source!CQ26/IF(Source!BC26<> 0, Source!BC26,1) * Source!I26), 2) + ROUND((Source!CT26/IF(Source!BA26<> 0, Source!BA26,1) * Source!I26), 2)), 0 ) -> 0 | Q55: =IF( Source!BI26 = 3, (ROUND((Source!CR26/IF(Source!BB26<> 0, Source!BB26,1) * Source!I26), 2) + ROUND((Source!CQ26/IF(Source!BC26<> 0, Source!BC26,1) * Source!I26), 2) + ROUND((Source!CT26/IF(Source!BA26<> 0, Source!BA26,1) * Source!I26), 2)), 0 ) -> 0 | R55: =IF( Source!BI26 = 4, (ROUND((Source!CR26/IF(Source!BB26<> 0, Source!BB26,1) * Source!I26), 2) + ROUND((Source!CQ26/IF(Source!BC26<> 0, Source!BC26,1) * Source!I26), 2) + ROUND((Source!CT26/IF(Source!BA26<> 0, Source!BA26,1) * Source!I26), 2)), 0 ) -> 0 | U55: =IF( Source!BI26 = 1, Source!O26 + Source!X26 + Source!Y26, 0 ) -> 0 | V55: =IF( Source!BI26 = 2, Source!O26 + Source!X26 + Source!Y26, 0 ) -> 0 | W55: =IF( Source!BI26 = 3, Source!O26 + Source!X26 + Source!Y26, 0 ) -> 0 | X55: =IF( Source!BI26 = 4, Source!O26 + Source!X26 + Source!Y26, 0 ) -> 0 | Y55: 3
C56: НР от ЗП | D56: % | E56: =Source!DN25 -> 110 | I56: =ROUND((E56/100)* ROUND((Source!CT25/IF(Source!BA25<> 0, Source!BA25,1) * Source!I25), 2), 2) -> 29.93 | J56: =Source!AT25 -> 100 | K56: =Source!X25 -> 345.6
C57: СП от ЗП | D57: % | E57: =Source!DO25 -> 74 | I57: =ROUND((E57/100)* ROUND((Source!CT25/IF(Source!BA25<> 0, Source!BA25,1) * Source!I25), 2), 2) -> 20.14 | J57: =Source!AU25 -> 45 | K57: =Source!Y25 -> 155.52
C58: НР и СП от ЗПМ | D58: % | E58: 175 | I58: =ROUND(ROUND((Source!CS25/IF(Source!BS25<> 0, Source!BS25,1) * Source!I25), 2)*1.75, 2) -> 0 | J58: 178 | K58: =ROUND(Source!R25*J58/100, 2) -> 0
C59: ЗТР | D59: чел-ч | E59: =Source!AQ25 -> 212 | G59: =Source!DI25 | H59: =Source!AV25 -> 1.067 | I59: =ROUND(Source!U25,2) -> 2.26
I60: =ROUND((Source!CT25/IF(Source!BA25 <>0, Source!BA25, 1) * Source!I25), 2)+ROUND((Source!CR25 / IF(Source!BB25 <>0, Source!BB25, 1) * Source!I25), 2)+SUM(I54:I58) -> 79.57 | K60: =Source!S25+Source!Q25+SUM(K54:K58) -> 856.41 | L60: =ROUND((Source!CT25/IF(Source!BA25<> 0, Source!BA25,1) * Source!I25), 2) -> 27.21 | M60: =I60 -> 79.57 | N60: =K60 -> 856.41 | O60: =ROUND(IF( Source!BI25 = 1, (ROUND((Source!CT25/IF(Source!BA25<> 0, Source!BA25,1) * Source!I25), 2)+ROUND((Source!CR25/IF(Source!BB25<> 0, Source!BB25,1) * Source!I25), 2)+ROUND((Source!CQ25/IF(Source!BC25<> 0, Source!BC25,1) * Source!I25), 2)+((Source!DN25/100)*ROUND((Source!CT25/IF(Source!BA25<>0,Source!BA25,1) * Source!I25), 2))+((Source!DO25/100)*ROUND((Source!CT25/IF(Source!BA25<>0,Source!BA25,1) * Source!I25), 2))+(ROUND((Source!CS25/IF(Source!BS25<>0,Source!BS25,1) * Source!I25), 2)* 1.75)), 0 ), 2) -> 79.57 | P60: =ROUND(IF( Source!BI25 = 2, (ROUND((Source!CT25/IF(Source!BA25<> 0, Source!BA25,1) * Source!I25), 2)+ROUND((Source!CR25/IF(Source!BB25<> 0, Source!BB25,1) * Source!I25), 2)+ROUND((Source!CQ25/IF(Source!BC25<> 0, Source!BC25,1) * Source!I25), 2)+((Source!DN25/100)*ROUND((Source!CT25/IF(Source!BA25<>0,Source!BA25,1) * Source!I25), 2))+((Source!DO25/100)*ROUND((Source!CT25/IF(Source!BA25<>0,Source!BA25,1) * Source!I25), 2))+(ROUND((Source!CS25/IF(Source!BS25<>0,Source!BS25,1) * Source!I25), 2)* 1.75)), 0 ), 2) -> 0 | Q60: =ROUND(IF( Source!BI25 = 3, (ROUND((Source!CT25/IF(Source!BA25<> 0, Source!BA25,1) * Source!I25), 2)+ROUND((Source!CR25/IF(Source!BB25<> 0, Source!BB25,1) * Source!I25), 2)+ROUND((Source!CQ25/IF(Source!BC25<> 0, Source!BC25,1) * Source!I25), 2)+((Source!DN25/100)*ROUND((Source!CT25/IF(Source!BA25<>0,Source!BA25,1) * Source!I25), 2))+((Source!DO25/100)*ROUND((Source!CT25/IF(Source!BA25<>0,Source!BA25,1) * Source!I25), 2))+(ROUND((Source!CS25/IF(Source!BS25<>0,Source!BS25,1) * Source!I25), 2)* 1.75)), 0 ), 2) -> 0 | R60: =ROUND(IF( Source!BI25 = 4, (ROUND((Source!CT25/IF(Source!BA25<> 0, Source!BA25,1) * Source!I25), 2)+ROUND((Source!CR25/IF(Source!BB25<> 0, Source!BB25,1) * Source!I25), 2)+ROUND((Source!CQ25/IF(Source!BC25<> 0, Source!BC25,1) * Source!I25), 2)+((Source!DN25/100)*ROUND((Source!CT25/IF(Source!BA25<>0,Source!BA25,1) * Source!I25), 2))+((Source!DO25/100)*ROUND((Source!CT25/IF(Source!BA25<>0,Source!BA25,1) * Source!I25), 2))+(ROUND((Source!CS25/IF(Source!BS25<>0,Source!BS25,1) * Source!I25), 2)* 1.75)), 0 ), 2) -> 0 | U60: =IF( Source!BI25 = 1, Source!O25 + Source!X25 + Source!Y25 + Source!R25*178/100, 0 ) -> 856.41 | V60: =IF( Source!BI25 = 2, Source!O25 + Source!X25 + Source!Y25 + Source!R25*178/100, 0 ) -> 0 | W60: =IF( Source!BI25 = 3, Source!O25 + Source!X25 + Source!Y25 + Source!R25*178/100, 0 ) -> 0 | X60: =IF( Source!BI25 = 4, Source!O25 + Source!X25 + Source!Y25 + Source!R25*178/100, 0 ) -> 0
A61: =Source!E27 -> 3 | B61: =Source!F27 -> 3.17-2-7 | C61: =Source!G27 -> УСТАНОВКА ПОЛОТЕНЦЕСУШИТЕЛЕЙ ИЗ НЕРЖАВЕЮЩЕЙ СТАЛИ ТИПА "ЛЕСЕНКА" | D61: =Source!H27 -> шт. | E61: =ROUND(Source!I27,6) -> 1 | Y61: 4
C62: ЗП | F62: =Source!AO27 -> 32.42 | G62: =Source!DG27 -> )*1,15 | H62: =Source!AV27 -> 1.067 | I62: =ROUND((Source!CT27/IF(Source!BA27<> 0, Source!BA27,1) * Source!I27), 2) -> 39.78 | J62: =Source!BA27 -> 12.7 | K62: =Source!S27 -> 505.22
C63: ЭМ | F63: =Source!AM27 -> 0.16 | G63: =Source!DE27 -> *1,25 | H63: =Source!AV27 -> 1.067 | I63: =ROUND((Source!CR27/IF(Source!BB27<> 0, Source!BB27,1) * Source!I27), 2) -> 0.21 | J63: =Source!BB27 -> 6.8 | K63: =Source!Q27 -> 1.45
C64: в т.ч. ЗПМ | F64: =Source!AN27 -> 0.02 | G64: =Source!DF27 -> *1,25 | H64: =Source!AV27 -> 1.067 | I64: =CONCATENATE("(",TEXT(+ ROUND((Source!CS27/IF(J64<> 0, J64,1) * Source!I27), 2),"0,00"),")") -> (0,03) | J64: =Source!BS27 -> 12.7 | K64: =CONCATENATE("(",TEXT(+Source!R27,"0,00"),")") -> (0,34) | L64: =ROUND(IF(J64<>0, Source!R27/J64, Source!R27), 2) -> 0.03
C65: МР | F65: =Source!AL27 -> 2.97 | G65: =Source!DD27 | H65: =Source!AW27 -> 1 | I65: =ROUND((Source!CQ27/IF(Source!BC27<> 0, Source!BC27,1) * Source!I27), 2) -> 2.97 | J65: =Source!BC27 -> 3.58 | K65: =Source!P27 -> 10.63
A66: =Source!E28 -> 3,1 | B66: =Source!F28 -> 4951511000 | C66: =Source!G28 -> ПОЛОТЕНЦЕСУШИТЕЛИ ИЗ НЕРЖАВЕЮЩЕЙ СТАЛИ | D66: =Source!H28 -> шт. | E66: =ROUND(Source!I28,6) -> 1 | F66: =IF(Source!AL28=0,Source!AK28,Source!AL28) -> 0 | G66: =Source!DD28 | H66: =Source!AW28 -> 1 | I66: =ROUND((Source!CR28/IF(Source!BB28<> 0, Source!BB28,1) * Source!I28), 2) + ROUND((Source!CQ28/IF(Source!BC28<> 0, Source!BC28,1) * Source!I28), 2) + ROUND((Source!CT28/IF(Source!BA28<> 0, Source!BA28,1) * Source!I28), 2) -> 0 | J66: =Source!BC28 -> 1 | K66: =Source!O28 -> 0 | O66: =IF( Source!BI28 = 1, (ROUND((Source!CR28/IF(Source!BB28<> 0, Source!BB28,1) * Source!I28), 2) + ROUND((Source!CQ28/IF(Source!BC28<> 0, Source!BC28,1) * Source!I28), 2) + ROUND((Source!CT28/IF(Source!BA28<> 0, Source!BA28,1) * Source!I28), 2)), 0 ) -> 0 | P66: =IF( Source!BI28 = 2, (ROUND((Source!CR28/IF(Source!BB28<> 0, Source!BB28,1) * Source!I28), 2) + ROUND((Source!CQ28/IF(Source!BC28<> 0, Source!BC28,1) * Source!I28), 2) + ROUND((Source!CT28/IF(Source!BA28<> 0, Source!BA28,1) * Source!I28), 2)), 0 ) -> 0 | Q66: =IF( Source!BI28 = 3, (ROUND((Source!CR28/IF(Source!BB28<> 0, Source!BB28,1) * Source!I28), 2) + ROUND((Source!CQ28/IF(Source!BC28<> 0, Source!BC28,1) * Source!I28), 2) + ROUND((Source!CT28/IF(Source!BA28<> 0, Source!BA28,1) * Source!I28), 2)), 0 ) -> 0 | R66: =IF( Source!BI28 = 4, (ROUND((Source!CR28/IF(Source!BB28<> 0, Source!BB28,1) * Source!I28), 2) + ROUND((Source!CQ28/IF(Source!BC28<> 0, Source!BC28,1) * Source!I28), 2) + ROUND((Source!CT28/IF(Source!BA28<> 0, Source!BA28,1) * Source!I28), 2)), 0 ) -> 0 | U66: =IF( Source!BI28 = 1, Source!O28 + Source!X28 + Source!Y28, 0 ) -> 0 | V66: =IF( Source!BI28 = 2, Source!O28 + Source!X28 + Source!Y28, 0 ) -> 0 | W66: =IF( Source!BI28 = 3, Source!O28 + Source!X28 + Source!Y28, 0 ) -> 0 | X66: =IF( Source!BI28 = 4, Source!O28 + Source!X28 + Source!Y28, 0 ) -> 0 | Y66: 5
A67: =Source!E29 -> 3,2 | B67: =Source!F29 -> 4951541000 | C67: =Source!G29 -> ДЕТАЛИ СОЕДИНИТЕЛЬНЫЕ ДЛЯ ПОЛОТЕНЦЕСУШИТЕЛЕЙ - МУФТЫ | D67: =Source!H29 -> шт. | E67: =ROUND(Source!I29,6) -> 2 | F67: =IF(Source!AL29=0,Source!AK29,Source!AL29) -> 0 | G67: =Source!DD29 | H67: =Source!AW29 -> 1 | I67: =ROUND((Source!CR29/IF(Source!BB29<> 0, Source!BB29,1) * Source!I29), 2) + ROUND((Source!CQ29/IF(Source!BC29<> 0, Source!BC29,1) * Source!I29), 2) + ROUND((Source!CT29/IF(Source!BA29<> 0, Source!BA29,1) * Source!I29), 2) -> 0 | J67: =Source!BC29 -> 1 | K67: =Source!O29 -> 0 | O67: =IF( Source!BI29 = 1, (ROUND((Source!CR29/IF(Source!BB29<> 0, Source!BB29,1) * Source!I29), 2) + ROUND((Source!CQ29/IF(Source!BC29<> 0, Source!BC29,1) * Source!I29), 2) + ROUND((Source!CT29/IF(Source!BA29<> 0, Source!BA29,1) * Source!I29), 2)), 0 ) -> 0 | P67: =IF( Source!BI29 = 2, (ROUND((Source!CR29/IF(Source!BB29<> 0, Source!BB29,1) * Source!I29), 2) + ROUND((Source!CQ29/IF(Source!BC29<> 0, Source!BC29,1) * Source!I29), 2) + ROUND((Source!CT29/IF(Source!BA29<> 0, Source!BA29,1) * Source!I29), 2)), 0 ) -> 0 | Q67: =IF( Source!BI29 = 3, (ROUND((Source!CR29/IF(Source!BB29<> 0, Source!BB29,1) * Source!I29), 2) + ROUND((Source!CQ29/IF(Source!BC29<> 0, Source!BC29,1) * Source!I29), 2) + ROUND((Source!CT29/IF(Source!BA29<> 0, Source!BA29,1) * Source!I29), 2)), 0 ) -> 0 | R67: =IF( Source!BI29 = 4, (ROUND((Source!CR29/IF(Source!BB29<> 0, Source!BB29,1) * Source!I29), 2) + ROUND((Source!CQ29/IF(Source!BC29<> 0, Source!BC29,1) * Source!I29), 2) + ROUND((Source!CT29/IF(Source!BA29<> 0, Source!BA29,1) * Source!I29), 2)), 0 ) -> 0 | U67: =IF( Source!BI29 = 1, Source!O29 + Source!X29 + Source!Y29, 0 ) -> 0 | V67: =IF( Source!BI29 = 2, Source!O29 + Source!X29 + Source!Y29, 0 ) -> 0 | W67: =IF( Source!BI29 = 3, Source!O29 + Source!X29 + Source!Y29, 0 ) -> 0 | X67: =IF( Source!BI29 = 4, Source!O29 + Source!X29 + Source!Y29, 0 ) -> 0 | Y67: 6
C68: НР от ЗП | D68: % | E68: =Source!DN27 -> 125 | I68: =ROUND((E68/100)* ROUND((Source!CT27/IF(Source!BA27<> 0, Source!BA27,1) * Source!I27), 2), 2) -> 49.73 | J68: =Source!AT27 -> 115 | K68: =Source!X27 -> 581
C69: СП от ЗП | D69: % | E69: =Source!DO27 -> 94 | I69: =ROUND((E69/100)* ROUND((Source!CT27/IF(Source!BA27<> 0, Source!BA27,1) * Source!I27), 2), 2) -> 37.39 | J69: =Source!AU27 -> 53 | K69: =Source!Y27 -> 267.77
C70: НР и СП от ЗПМ | D70: % | E70: 175 | I70: =ROUND(ROUND((Source!CS27/IF(Source!BS27<> 0, Source!BS27,1) * Source!I27), 2)*1.75, 2) -> 0.05 | J70: 178 | K70: =ROUND(Source!R27*J70/100, 2) -> 0.61
C71: ЗТР | D71: чел-ч | E71: =Source!AQ27 -> 2.76 | G71: =Source!DI27 -> )*1,15 | H71: =Source!AV27 -> 1.067 | I71: =ROUND(Source!U27,2) -> 3.39
I72: =ROUND((Source!CT27/IF(Source!BA27 <>0, Source!BA27, 1) * Source!I27), 2)+ROUND((Source!CR27 / IF(Source!BB27 <>0, Source!BB27, 1) * Source!I27), 2)+SUM(I65:I70) -> 130.13 | K72: =Source!S27+Source!Q27+SUM(K65:K70) -> 1366.68 | L72: =ROUND((Source!CT27/IF(Source!BA27<> 0, Source!BA27,1) * Source!I27), 2) -> 39.78 | M72: =I72 -> 130.13 | N72: =K72 -> 1366.68 | O72: =ROUND(IF( Source!BI27 = 1, (ROUND((Source!CT27/IF(Source!BA27<> 0, Source!BA27,1) * Source!I27), 2)+ROUND((Source!CR27/IF(Source!BB27<> 0, Source!BB27,1) * Source!I27), 2)+ROUND((Source!CQ27/IF(Source!BC27<> 0, Source!BC27,1) * Source!I27), 2)+((Source!DN27/100)*ROUND((Source!CT27/IF(Source!BA27<>0,Source!BA27,1) * Source!I27), 2))+((Source!DO27/100)*ROUND((Source!CT27/IF(Source!BA27<>0,Source!BA27,1) * Source!I27), 2))+(ROUND((Source!CS27/IF(Source!BS27<>0,Source!BS27,1) * Source!I27), 2)* 1.75)), 0 ), 2) -> 130.13 | P72: =ROUND(IF( Source!BI27 = 2, (ROUND((Source!CT27/IF(Source!BA27<> 0, Source!BA27,1) * Source!I27), 2)+ROUND((Source!CR27/IF(Source!BB27<> 0, Source!BB27,1) * Source!I27), 2)+ROUND((Source!CQ27/IF(Source!BC27<> 0, Source!BC27,1) * Source!I27), 2)+((Source!DN27/100)*ROUND((Source!CT27/IF(Source!BA27<>0,Source!BA27,1) * Source!I27), 2))+((Source!DO27/100)*ROUND((Source!CT27/IF(Source!BA27<>0,Source!BA27,1) * Source!I27), 2))+(ROUND((Source!CS27/IF(Source!BS27<>0,Source!BS27,1) * Source!I27), 2)* 1.75)), 0 ), 2) -> 0 | Q72: =ROUND(IF( Source!BI27 = 3, (ROUND((Source!CT27/IF(Source!BA27<> 0, Source!BA27,1) * Source!I27), 2)+ROUND((Source!CR27/IF(Source!BB27<> 0, Source!BB27,1) * Source!I27), 2)+ROUND((Source!CQ27/IF(Source!BC27<> 0, Source!BC27,1) * Source!I27), 2)+((Source!DN27/100)*ROUND((Source!CT27/IF(Source!BA27<>0,Source!BA27,1) * Source!I27), 2))+((Source!DO27/100)*ROUND((Source!CT27/IF(Source!BA27<>0,Source!BA27,1) * Source!I27), 2))+(ROUND((Source!CS27/IF(Source!BS27<>0,Source!BS27,1) * Source!I27), 2)* 1.75)), 0 ), 2) -> 0 | R72: =ROUND(IF( Source!BI27 = 4, (ROUND((Source!CT27/IF(Source!BA27<> 0, Source!BA27,1) * Source!I27), 2)+ROUND((Source!CR27/IF(Source!BB27<> 0, Source!BB27,1) * Source!I27), 2)+ROUND((Source!CQ27/IF(Source!BC27<> 0, Source!BC27,1) * Source!I27), 2)+((Source!DN27/100)*ROUND((Source!CT27/IF(Source!BA27<>0,Source!BA27,1) * Source!I27), 2))+((Source!DO27/100)*ROUND((Source!CT27/IF(Source!BA27<>0,Source!BA27,1) * Source!I27), 2))+(ROUND((Source!CS27/IF(Source!BS27<>0,Source!BS27,1) * Source!I27), 2)* 1.75)), 0 ), 2) -> 0 | U72: =IF( Source!BI27 = 1, Source!O27 + Source!X27 + Source!Y27 + Source!R27*178/100, 0 ) -> 1366.6752 | V72: =IF( Source!BI27 = 2, Source!O27 + Source!X27 + Source!Y27 + Source!R27*178/100, 0 ) -> 0 | W72: =IF( Source!BI27 = 3, Source!O27 + Source!X27 + Source!Y27 + Source!R27*178/100, 0 ) -> 0 | X72: =IF( Source!BI27 = 4, Source!O27 + Source!X27 + Source!Y27 + Source!R27*178/100, 0 ) -> 0
A73: =Source!E30 -> 4 | B73: =Source!F30 -> 4.8-243-8 | C73: =Source!G30 -> РОЗЕТКА ШТЕПСЕЛЬНАЯ НЕУТОПЛЕННОГО ТИПА ПРИ ОТКРЫТОЙ ПРОВОДКЕ | D73: =Source!H30 -> 100 шт. | E73: =ROUND(Source!I30,6) -> 0.01 | Y73: 7
C74: ЗП | F74: =Source!AO30 -> 483.99 | G74: =Source!DG30 -> )*1,15 | H74: =Source!AV30 -> 1.047 | I74: =ROUND((Source!CT30/IF(Source!BA30<> 0, Source!BA30,1) * Source!I30), 2) -> 5.83 | J74: =Source!BA30 -> 12.7 | K74: =Source!S30 -> 74.01
C75: ЭМ | F75: =Source!AM30 -> 15.74 | G75: =Source!DE30 -> *1,25 | H75: =Source!AV30 -> 1.047 | I75: =ROUND((Source!CR30/IF(Source!BB30<> 0, Source!BB30,1) * Source!I30), 2) -> 0.21 | J75: =Source!BB30 -> 9.17 | K75: =Source!Q30 -> 1.89
C76: в т.ч. ЗПМ | F76: =Source!AN30 -> 1.18 | G76: =Source!DF30 -> *1,25 | H76: =Source!AV30 -> 1.047 | I76: =CONCATENATE("(",TEXT(+ ROUND((Source!CS30/IF(J76<> 0, J76,1) * Source!I30), 2),"0,00"),")") -> (0,02) | J76: =Source!BS30 -> 12.7 | K76: =CONCATENATE("(",TEXT(+Source!R30,"0,00"),")") -> (0,20) | L76: =ROUND(IF(J76<>0, Source!R30/J76, Source!R30), 2) -> 0.02
C77: МР | F77: =Source!AL30 -> 26.88 | G77: =Source!DD30 | H77: =Source!AW30 -> 1 | I77: =ROUND((Source!CQ30/IF(Source!BC30<> 0, Source!BC30,1) * Source!I30), 2) -> 0.27 | J77: =Source!BC30 -> 4.56 | K77: =Source!P30 -> 1.23
C78: НР от ЗП | D78: % | E78: =Source!DN30 -> 112 | I78: =ROUND((E78/100)* ROUND((Source!CT30/IF(Source!BA30<> 0, Source!BA30,1) * Source!I30), 2), 2) -> 6.53 | J78: =Source!AT30 -> 102 | K78: =Source!X30 -> 75.49
C79: СП от ЗП | D79: % | E79: =Source!DO30 -> 70 | I79: =ROUND((E79/100)* ROUND((Source!CT30/IF(Source!BA30<> 0, Source!BA30,1) * Source!I30), 2), 2) -> 4.08 | J79: =Source!AU30 -> 45 | K79: =Source!Y30 -> 33.3
C80: НР и СП от ЗПМ | D80: % | E80: 175 | I80: =ROUND(ROUND((Source!CS30/IF(Source!BS30<> 0, Source!BS30,1) * Source!I30), 2)*1.75, 2) -> 0.04 | J80: 178 | K80: =ROUND(Source!R30*J80/100, 2) -> 0.36
C81: ЗТР | D81: чел-ч | E81: =Source!AQ30 -> 37.23 | G81: =Source!DI30 -> )*1,15 | H81: =Source!AV30 -> 1.047 | I81: =ROUND(Source!U30,2) -> 0.45
I82: =ROUND((Source!CT30/IF(Source!BA30 <>0, Source!BA30, 1) * Source!I30), 2)+ROUND((Source!CR30 / IF(Source!BB30 <>0, Source!BB30, 1) * Source!I30), 2)+SUM(I77:I80) -> 16.96 | K82: =Source!S30+Source!Q30+SUM(K77:K80) -> 186.28 | L82: =ROUND((Source!CT30/IF(Source!BA30<> 0, Source!BA30,1) * Source!I30), 2) -> 5.83 | M82: =I82 -> 16.96 | N82: =K82 -> 186.28 | O82: =ROUND(IF( Source!BI30 = 1, (ROUND((Source!CT30/IF(Source!BA30<> 0, Source!BA30,1) * Source!I30), 2)+ROUND((Source!CR30/IF(Source!BB30<> 0, Source!BB30,1) * Source!I30), 2)+ROUND((Source!CQ30/IF(Source!BC30<> 0, Source!BC30,1) * Source!I30), 2)+((Source!DN30/100)*ROUND((Source!CT30/IF(Source!BA30<>0,Source!BA30,1) * Source!I30), 2))+((Source!DO30/100)*ROUND((Source!CT30/IF(Source!BA30<>0,Source!BA30,1) * Source!I30), 2))+(ROUND((Source!CS30/IF(Source!BS30<>0,Source!BS30,1) * Source!I30), 2)* 1.75)), 0 ), 2) -> 0 | P82: =ROUND(IF( Source!BI30 = 2, (ROUND((Source!CT30/IF(Source!BA30<> 0, Source!BA30,1) * Source!I30), 2)+ROUND((Source!CR30/IF(Source!BB30<> 0, Source!BB30,1) * Source!I30), 2)+ROUND((Source!CQ30/IF(Source!BC30<> 0, Source!BC30,1) * Source!I30), 2)+((Source!DN30/100)*ROUND((Source!CT30/IF(Source!BA30<>0,Source!BA30,1) * Source!I30), 2))+((Source!DO30/100)*ROUND((Source!CT30/IF(Source!BA30<>0,Source!BA30,1) * Source!I30), 2))+(ROUND((Source!CS30/IF(Source!BS30<>0,Source!BS30,1) * Source!I30), 2)* 1.75)), 0 ), 2) -> 16.96 | Q82: =ROUND(IF( Source!BI30 = 3, (ROUND((Source!CT30/IF(Source!BA30<> 0, Source!BA30,1) * Source!I30), 2)+ROUND((Source!CR30/IF(Source!BB30<> 0, Source!BB30,1) * Source!I30), 2)+ROUND((Source!CQ30/IF(Source!BC30<> 0, Source!BC30,1) * Source!I30), 2)+((Source!DN30/100)*ROUND((Source!CT30/IF(Source!BA30<>0,Source!BA30,1) * Source!I30), 2))+((Source!DO30/100)*ROUND((Source!CT30/IF(Source!BA30<>0,Source!BA30,1) * Source!I30), 2))+(ROUND((Source!CS30/IF(Source!BS30<>0,Source!BS30,1) * Source!I30), 2)* 1.75)), 0 ), 2) -> 0 | R82: =ROUND(IF( Source!BI30 = 4, (ROUND((Source!CT30/IF(Source!BA30<> 0, Source!BA30,1) * Source!I30), 2)+ROUND((Source!CR30/IF(Source!BB30<> 0, Source!BB30,1) * Source!I30), 2)+ROUND((Source!CQ30/IF(Source!BC30<> 0, Source!BC30,1) * Source!I30), 2)+((Source!DN30/100)*ROUND((Source!CT30/IF(Source!BA30<>0,Source!BA30,1) * Source!I30), 2))+((Source!DO30/100)*ROUND((Source!CT30/IF(Source!BA30<>0,Source!BA30,1) * Source!I30), 2))+(ROUND((Source!CS30/IF(Source!BS30<>0,Source!BS30,1) * Source!I30), 2)* 1.75)), 0 ), 2) -> 0 | U82: =IF( Source!BI30 = 1, Source!O30 + Source!X30 + Source!Y30 + Source!R30*178/100, 0 ) -> 0 | V82: =IF( Source!BI30 = 2, Source!O30 + Source!X30 + Source!Y30 + Source!R30*178/100, 0 ) -> 186.276 | W82: =IF( Source!BI30 = 3, Source!O30 + Source!X30 + Source!Y30 + Source!R30*178/100, 0 ) -> 0 | X82: =IF( Source!BI30 = 4, Source!O30 + Source!X30 + Source!Y30 + Source!R30*178/100, 0 ) -> 0
A83: =Source!E31 -> 5 | B83: =Source!F31 -> 4.8-243-9 | C83: =Source!G31 -> РОЗЕТКА ШТЕПСЕЛЬНАЯ УТОПЛЕННОГО ТИПА ПРИ СКРЫТОЙ ПРОВОДКЕ | D83: =Source!H31 -> 100 шт. | E83: =ROUND(Source!I31,6) -> 0.01 | Y83: 8
C84: ЗП | F84: =Source!AO31 -> 455 | G84: =Source!DG31 -> )*1,15 | H84: =Source!AV31 -> 1.047 | I84: =ROUND((Source!CT31/IF(Source!BA31<> 0, Source!BA31,1) * Source!I31), 2) -> 5.48 | J84: =Source!BA31 -> 12.7 | K84: =Source!S31 -> 69.58
C85: ЭМ | F85: =Source!AM31 -> 2.71 | G85: =Source!DE31 -> *1,25 | H85: =Source!AV31 -> 1.047 | I85: =ROUND((Source!CR31/IF(Source!BB31<> 0, Source!BB31,1) * Source!I31), 2) -> 0.04 | J85: =Source!BB31 -> 7.58 | K85: =Source!Q31 -> 0.27
C86: в т.ч. ЗПМ | F86: =Source!AN31 -> 0.63 | G86: =Source!DF31 -> *1,25 | H86: =Source!AV31 -> 1.047 | I86: =CONCATENATE("(",TEXT(+ ROUND((Source!CS31/IF(J86<> 0, J86,1) * Source!I31), 2),"0,00"),")") -> (0,01) | J86: =Source!BS31 -> 12.7 | K86: =CONCATENATE("(",TEXT(+Source!R31,"0,00"),")") -> (0,10) | L86: =ROUND(IF(J86<>0, Source!R31/J86, Source!R31), 2) -> 0.01
C87: МР | F87: =Source!AL31 -> 27.86 | G87: =Source!DD31 | H87: =Source!AW31 -> 1 | I87: =ROUND((Source!CQ31/IF(Source!BC31<> 0, Source!BC31,1) * Source!I31), 2) -> 0.28 | J87: =Source!BC31 -> 4.56 | K87: =Source!P31 -> 1.27
C88: НР от ЗП | D88: % | E88: =Source!DN31 -> 112 | I88: =ROUND((E88/100)* ROUND((Source!CT31/IF(Source!BA31<> 0, Source!BA31,1) * Source!I31), 2), 2) -> 6.14 | J88: =Source!AT31 -> 102 | K88: =Source!X31 -> 70.97
C89: СП от ЗП | D89: % | E89: =Source!DO31 -> 70 | I89: =ROUND((E89/100)* ROUND((Source!CT31/IF(Source!BA31<> 0, Source!BA31,1) * Source!I31), 2), 2) -> 3.84 | J89: =Source!AU31 -> 45 | K89: =Source!Y31 -> 31.31
C90: НР и СП от ЗПМ | D90: % | E90: 175 | I90: =ROUND(ROUND((Source!CS31/IF(Source!BS31<> 0, Source!BS31,1) * Source!I31), 2)*1.75, 2) -> 0.02 | J90: 178 | K90: =ROUND(Source!R31*J90/100, 2) -> 0.18
C91: ЗТР | D91: чел-ч | E91: =Source!AQ31 -> 35 | G91: =Source!DI31 -> )*1,15 | H91: =Source!AV31 -> 1.047 | I91: =ROUND(Source!U31,2) -> 0.42
I92: =ROUND((Source!CT31/IF(Source!BA31 <>0, Source!BA31, 1) * Source!I31), 2)+ROUND((Source!CR31 / IF(Source!BB31 <>0, Source!BB31, 1) * Source!I31), 2)+SUM(I87:I90) -> 15.8 | K92: =Source!S31+Source!Q31+SUM(K87:K90) -> 173.58 | L92: =ROUND((Source!CT31/IF(Source!BA31<> 0, Source!BA31,1) * Source!I31), 2) -> 5.48 | M92: =I92 -> 15.8 | N92: =K92 -> 173.58 | O92: =ROUND(IF( Source!BI31 = 1, (ROUND((Source!CT31/IF(Source!BA31<> 0, Source!BA31,1) * Source!I31), 2)+ROUND((Source!CR31/IF(Source!BB31<> 0, Source!BB31,1) * Source!I31), 2)+ROUND((Source!CQ31/IF(Source!BC31<> 0, Source!BC31,1) * Source!I31), 2)+((Source!DN31/100)*ROUND((Source!CT31/IF(Source!BA31<>0,Source!BA31,1) * Source!I31), 2))+((Source!DO31/100)*ROUND((Source!CT31/IF(Source!BA31<>0,Source!BA31,1) * Source!I31), 2))+(ROUND((Source!CS31/IF(Source!BS31<>0,Source!BS31,1) * Source!I31), 2)* 1.75)), 0 ), 2) -> 0 | P92: =ROUND(IF( Source!BI31 = 2, (ROUND((Source!CT31/IF(Source!BA31<> 0, Source!BA31,1) * Source!I31), 2)+ROUND((Source!CR31/IF(Source!BB31<> 0, Source!BB31,1) * Source!I31), 2)+ROUND((Source!CQ31/IF(Source!BC31<> 0, Source!BC31,1) * Source!I31), 2)+((Source!DN31/100)*ROUND((Source!CT31/IF(Source!BA31<>0,Source!BA31,1) * Source!I31), 2))+((Source!DO31/100)*ROUND((Source!CT31/IF(Source!BA31<>0,Source!BA31,1) * Source!I31), 2))+(ROUND((Source!CS31/IF(Source!BS31<>0,Source!BS31,1) * Source!I31), 2)* 1.75)), 0 ), 2) -> 15.79 | Q92: =ROUND(IF( Source!BI31 = 3, (ROUND((Source!CT31/IF(Source!BA31<> 0, Source!BA31,1) * Source!I31), 2)+ROUND((Source!CR31/IF(Source!BB31<> 0, Source!BB31,1) * Source!I31), 2)+ROUND((Source!CQ31/IF(Source!BC31<> 0, Source!BC31,1) * Source!I31), 2)+((Source!DN31/100)*ROUND((Source!CT31/IF(Source!BA31<>0,Source!BA31,1) * Source!I31), 2))+((Source!DO31/100)*ROUND((Source!CT31/IF(Source!BA31<>0,Source!BA31,1) * Source!I31), 2))+(ROUND((Source!CS31/IF(Source!BS31<>0,Source!BS31,1) * Source!I31), 2)* 1.75)), 0 ), 2) -> 0 | R92: =ROUND(IF( Source!BI31 = 4, (ROUND((Source!CT31/IF(Source!BA31<> 0, Source!BA31,1) * Source!I31), 2)+ROUND((Source!CR31/IF(Source!BB31<> 0, Source!BB31,1) * Source!I31), 2)+ROUND((Source!CQ31/IF(Source!BC31<> 0, Source!BC31,1) * Source!I31), 2)+((Source!DN31/100)*ROUND((Source!CT31/IF(Source!BA31<>0,Source!BA31,1) * Source!I31), 2))+((Source!DO31/100)*ROUND((Source!CT31/IF(Source!BA31<>0,Source!BA31,1) * Source!I31), 2))+(ROUND((Source!CS31/IF(Source!BS31<>0,Source!BS31,1) * Source!I31), 2)* 1.75)), 0 ), 2) -> 0 | U92: =IF( Source!BI31 = 1, Source!O31 + Source!X31 + Source!Y31 + Source!R31*178/100, 0 ) -> 0 | V92: =IF( Source!BI31 = 2, Source!O31 + Source!X31 + Source!Y31 + Source!R31*178/100, 0 ) -> 173.578 | W92: =IF( Source!BI31 = 3, Source!O31 + Source!X31 + Source!Y31 + Source!R31*178/100, 0 ) -> 0 | X92: =IF( Source!BI31 = 4, Source!O31 + Source!X31 + Source!Y31 + Source!R31*178/100, 0 ) -> 0
C94: Итого | H94: =SUM(M40:M93) -> 256.65 | J94: =SUM(N40:N93) -> 2753.2 | L94: =SUM(L40:L93) -> 84.4
C96: Итого по локальной смете | D96: =Source!G33 -> Новая локальная смета
C97: =Source!H49 -> Итого | J97: =Source!F49 -> 2753.19
C98: =Source!H50 -> НДС 18% | J98: =Source!F50 -> 495.57
C99: =Source!H51 -> Итого с НДС 18% | J99: =Source!F51 -> 3248.76
C100: Итого по смете | H100: =H94 -> 256.65 | J100: =J94 -> 2753.2 | L100: =L94 -> 84.4
A104: Составил | C104: =IF(Source!AO12<>"",Source!AO12," ") | H104: =IF(Source!R12<>"",Source!R12," ")
C105: [должность,подпись(инициалы,фамилия)]
A107: Проверил: | C107: =IF(Source!AP12<>"",Source!AP12," ") | H107: =IF(Source!S12<>"",Source!S12," ")
C108: [должность,подпись(инициалы,фамилия)]

Sheet Source
A1: 0 | B1: Smeta.ru (495) 974-1589 | D1: _PS_ | F1: 0 | G1: 0 | H1: 0 | I1: Smeta.ru | K1: 1 | L1: 44181
A12: 1 | B12: 1 | C12: 0 | D12: =ROW(A53) -> 53 | E12: 0 | F12: Новый объект | G12: Новый объект | I12: 0 | O12: ТСН-2001 | P12: 2011 | Q12: 12 | V12: -3 | X12: 0 | Y12: 2 | Z12: 2 | AA12: 1 | AC12: 1 | AD12: 2 | AE12: 0 | AF12: 0 | AG12: 1 | AH12: 0 | AI12: 1 | AJ12: 106 | AK12: 72 | AN12: 0 | BA12: 178 | BB12: 106 | BC12: 72 | BD12: 18315040 | BE12: Сметные нормы списания | BF12: Коды ОКП для ТСН-2001 | BG12: 7155519 | BH12: 0 | BI12: 1 | BK12: 1 | BL12: 0 | BM12: 0 | BN12: 1 | BO12: 0 | BP12: -1 | BR12: 2 | BT12: 178 | BU12: 1 | BV12: 1 | BW12: 0 | BX12: 0 | BY12: 0 | BZ12: 0 | CA12: 7155514 | CB12: 7155498 | CC12: 7155496 | CD12: 7155494 | CE12: 0 | CF12: 0 | CJ12: 0 | CK12: 7182712 | CL12: ТСН 2001- Новое строительство | CM12: Типовой расчет для ТСН-2001 (Строительство) | CN12: ТСН-2001 | CO12: ТСН-2001 | CP12: ТСН-2001 | CQ12: ТСН-2001 | CR12: Поправки для ТСН-2001 | CS12: 8739335 | CT12: 0 | CU12: 0 | CV12: 7534350 | CW12: 17619670 | CX12: 18187933 | CY12: 0
A15: 15 | B15: 1
A18: 52 | B18: =B53 -> 1 | C18: =C53 -> 1 | D18: =D53 -> 12 | E18: =E53 -> 0 | F18: =F53 -> Новый объект | G18: =G53 -> Новый объект | H18: =H53 -> 0 | I18: =I53 -> 0 | ... AQ18: =AQ53 -> 0
G19: 0
A20: 3 | B20: 1 | D20: =ROW(A33) -> 33 | F20: Новая локальная смета | G20: Новая локальная смета | X20: 0 | AJ20: 0 | AK20: 0 | AL20: 0 | BE20: {CD8B0C77-C846-4BD0-B41E-04D59041A121} | BF20: 0 | BG20: 0 | BM20: 0
A22: 52 | B22: =B33 -> 1 | C22: =C33 -> 3 | D22: =D33 -> 20 | E22: =E33 -> 0 | F22: =F33 -> Новая локальная смета | G22: =G33 -> Новая локальная смета | H22: =H33 -> 0 | I22: =I33 -> 0 | ... AQ22: =AQ33 -> 0
A24: 17 | B24: 1 | C24: =ROW(SmtRes!A2) -> 2 | D24: =ROW(EtalonRes!A2) -> 2 | E24: 1 | F24: 6.65-3-2 | G24: ДЕМОНТАЖ ВЕНТИЛЯ | H24: 100 шт. | I24: 0.01 | J24: 0 | O24: =ROUND(CP24,2) -> 76.69 | P24: =ROUND(CQ24*I24,2) -> 0 | Q24: =ROUND(CR24*I24,2) -> 0 | R24: =ROUND(CS24*I24,2) -> 0 | S24: =ROUND(CT24*I24,2) -> 76.69 | T24: =ROUND(CU24*I24,2) -> 0 | U24: =CV24*I24 -> 0.478479 | V24: =CW24*I24 -> 0 | W24: =ROUND(CX24*I24,2) -> 0 | X24: =ROUND(CY24,2) -> 59.05 | Y24: =ROUND(CZ24,2) -> 34.51 | AA24: 0 | AB24: =(AC24+AD24+AF24) -> 576.73 | AC24: =(ES24) -> 0 | AD24: =(ET24) -> 0 | AE24: =(EU24) -> 0 | AF24: =(EV24) -> 576.73 | AG24: =(AP24) -> 0 | AH24: =(EW24) -> 45.7 | AI24: =(EX24) -> 0 | AJ24: =(AS24) -> 0 | AK24: 576.73 | AL24: 0 | AM24: 0 | AN24: 0 | AO24: 576.73 | AP24: 0 | AQ24: 45.7 | AR24: 0 | AS24: 0 | AT24: 77 | AU24: 45 | AV24: 1.047 | AW24: 1 | AX24: 1 | AY24: 1 | AZ24: 12.7 | BA24: 12.7 | BB24: 1 | BC24: 1 | BH24: 0 | BI24: 1 | BJ24: ТСН-2001.6. База. Сб.65, т.3, поз.2 | BM24: 616 | BN24: 0 | BO24: 6.65-3-2 | BP24: 1 | BQ24: 60 | BR24: 0 | BS24: 12.7 | BT24: 1 | BU24: 1 | BV24: 1 | BW24: 1 | BX24: 1 | BZ24: 77 | CA24: 45 | CF24: 0 | CG24: 0 | CM24: 0 | CO24: 0 | CP24: =(P24+Q24+S24) -> 76.69 | CQ24: =((AC24*AW24))*BC24 -> 0 | CR24: =((AD24*AV24))*BB24 -> 0 | CS24: =((AE24*AV24))*BS24 -> 0 | CT24: =((AF24*AV24))*BA24 -> 7668.7211 | CU24: =(AG24)*BT24 -> 0 | CV24: =((AH24*AV24))*BU24 -> 47.8479 | CW24: =(AI24)*BV24 -> 0 | CX24: =(AJ24)*BW24 -> 0 | CY24: =S24*(BZ24/100) -> 59.0513 | CZ24: =S24*(CA24/100) -> 34.5105 | DN24: 80 | DO24: 55 | DP24: 1.047 | DQ24: 1 | DR24: 1 | DS24: 1 | DT24: 1 | DU24: 1010 | DV24: 100 шт. | DW24: 100 шт. | DX24: 100 | EE24: 18003580 | EF24: 60 | EG24: Ремонтно-строительные работы | EH24: 0 | EJ24: 1 | EK24: 616 | EL24: ТСН-2001.6-65. 65-1...65-4 | EM24: ТСН-2001.6-65-1 | EQ24: 64 | ER24: 576.73 | ES24: 0 | ET24: 0 | EU24: 0 | EV24: 576.73 | EW24: 45.7 | EX24: 0 | EY24: 0 | EZ24: 0 | FQ24: 0 | FR24: =ROUND(IF(AND(AA24=0,BI24=3),P24,0),2) -> 0 | FS24: 0 | FX24: 77 | FY24: 45
A25: 17 | B25: 1 | C25: =ROW(SmtRes!A7) -> 7 | D25: =ROW(EtalonRes!A7) -> 7 | E25: 2 | F25: 6.65-10-1 | G25: СМЕНА САНИТАРНО-ТЕХНИЧЕСКИХ ПРИБОРОВ РАКОВИН (УМЫВАЛЬНИКОВ) | H25: 100 компл. | I25: 0.01 | J25: 0 | O25: =ROUND(CP25,2) -> 355.29 | P25: =ROUND(CQ25*I25,2) -> 9.69 | Q25: =ROUND(CR25*I25,2) -> 0 | R25: =ROUND(CS25*I25,2) -> 0 | S25: =ROUND(CT25*I25,2) -> 345.6 | T25: =ROUND(CU25*I25,2) -> 0 | U25: =CV25*I25 -> 2.26204 | V25: =CW25*I25 -> 0 | W25: =ROUND(CX25*I25,2) -> 0 | X25: =ROUND(CY25,2) -> 345.6 | Y25: =ROUND(CZ25,2) -> 155.52 | AA25: 0 | AB25: =(AC25+AD25+AF25) -> 2779.42 | AC25: =(ES25) -> 229.06 | AD25: =(ET25) -> 0 | AE25: =(EU25) -> 0 | AF25: =(EV25) -> 2550.36 | AG25: =(AP25) -> 0 | AH25: =(EW25) -> 212 | AI25: =(EX25) -> 0 | AJ25: =(AS25) -> 0 | AK25: 2779.42 | AL25: 229.06 | AM25: 0 | AN25: 0 | AO25: 2550.36 | AP25: 0 | AQ25: 212 | AR25: 0 | AS25: 0 | AT25: 100 | AU25: 45 | AV25: 1.067 | AW25: 1 | AX25: 1 | AY25: 1 | AZ25: 12.7 | BA25: 12.7 | BB25: 1 | BC25: 4.23 | BH25: 0 | BI25: 1 | BJ25: ТСН-2001.6. База. Сб.65, т.10, поз.1 | BM25: 617 | BN25: 0 | BO25: 6.65-10-1 | BP25: 1 | BQ25: 60 | BR25: 0 | BS25: 12.7 | BT25: 1 | BU25: 1 | BV25: 1 | BW25: 1 | BX25: 1 | BZ25: 100 | CA25: 45 | CF25: 0 | CG25: 0 | CM25: 0 | CO25: 0 | CP25: =(P25+Q25+S25) -> 355.29 | CQ25: =((AC25*AW25))*BC25 -> 968.9238 | CR25: =((AD25*AV25))*BB25 -> 0 | CS25: =((AE25*AV25))*BS25 -> 0 | CT25: =((AF25*AV25))*BA25 -> 34559.673 | CU25: =(AG25)*BT25 -> 0 | CV25: =((AH25*AV25))*BU25 -> 226.204 | CW25: =(AI25)*BV25 -> 0 | CX25: =(AJ25)*BW25 -> 0 | CY25: =S25*(BZ25/100) -> 345.6 | CZ25: =S25*(CA25/100) -> 155.52 | DN25: 110 | DO25: 74 | DP25: 1.067 | DQ25: 1 | DR25: 1 | DS25: 1 | DT25: 1 | DU25: 1013 | DV25: 100 компл. | DW25: 100 компл. | DX25: 1 | EE25: 18003581 | EF25: 60 | EG25: Ремонтно-строительные работы | EH25: 0 | EJ25: 1 | EK25: 617 | EL25: ТСН-2001.6-65. 65-5...65-10 | EM25: ТСН-2001.6-65-2 | EQ25: 64 | ER25: 2779.42 | ES25: 229.06 | ET25: 0 | EU25: 0 | EV25: 2550.36 | EW25: 212 | EX25: 0 | EY25: 0 | EZ25: 0 | FQ25: 0 | FR25: =ROUND(IF(AND(AA25=0,BI25=3),P25,0),2) -> 0 | FS25: 0 | FX25: 100 | FY25: 45
A26: 18 | B26: 1 | C26: 7 | E26: 2,1 | F26: 4962130000 | G26: УМЫВАЛЬНИКИ | H26: компл. | I26: =I25*J26 -> 1 | J26: 100 | O26: =ROUND(CP26,2) -> 0 | P26: =ROUND(CQ26*I26,2) -> 0 | Q26: =ROUND(CR26*I26,2) -> 0 | R26: =ROUND(CS26*I26,2) -> 0 | S26: =ROUND(CT26*I26,2) -> 0 | T26: =ROUND(CU26*I26,2) -> 0 | U26: =CV26*I26 -> 0 | V26: =CW26*I26 -> 0 | W26: =ROUND(CX26*I26,2) -> 0 | X26: =ROUND(CY26,2) -> 0 | Y26: =ROUND(CZ26,2) -> 0 | AA26: 0 | AB26: =(AC26+AD26+AF26) -> 0 | AC26: =AL26 -> 0 | AD26: =AM26 -> 0 | AE26: =AN26 -> 0 | AF26: =AO26 -> 0 | AG26: =AP26 -> 0 | AH26: =AQ26 -> 0 | AI26: =AR26 -> 0 | AJ26: =AS26 -> 0 | AK26: 0 | AL26: 0 | AM26: 0 | AN26: 0 | AO26: 0 | AP26: 0 | AQ26: 0 | AR26: 0 | AS26: 0 | AT26: 0 | AU26: 0 | AV26: 1.067 | AW26: 1 | AX26: 1 | AY26: 1 | AZ26: 1 | BA26: 1 | BB26: 1 | BC26: 1 | BH26: 3 | BI26: 1 | BM26: 617 | BN26: 0 | BP26: 0 | BQ26: 60 | BR26: 0 | BS26: 1 | BT26: 1 | BU26: 1 | BV26: 1 | BW26: 1 | BX26: 1 | BZ26: 0 | CA26: 0 | CF26: 0 | CG26: 0 | CM26: 0 | CO26: 0 | CP26: =(P26+Q26+S26) -> 0 | CQ26: =((AC26*AW26))*BC26 -> 0 | CR26: =((AD26*AV26))*BB26 -> 0 | CS26: =((AE26*AV26))*BS26 -> 0 | CT26: =((AF26*AV26))*BA26 -> 0 | CU26: =(AG26)*BT26 -> 0 | CV26: =((AH26*AV26))*BU26 -> 0 | CW26: =(AI26)*BV26 -> 0 | CX26: =(AJ26)*BW26 -> 0 | CY26: =S26*(BZ26/100) -> 0 | CZ26: =S26*(CA26/100) -> 0 | DN26: 110 | DO26: 74 | DP26: 1.067 | DQ26: 1 | DR26: 1 | DS26: 1 | DT26: 1 | DU26: 1013 | DV26: компл. | DW26: компл. | DX26: 1 | EE26: 18003581 | EF26: 60 | EG26: Ремонтно-строительные работы | EH26: 0 | EJ26: 1 | EK26: 617 | EL26: ТСН-2001.6-65. 65-5...65-10 | EM26: ТСН-2001.6-65-2 | EQ26: 0 | ER26: 0 | ES26: 0 | ET26: 0 | EU26: 0 | EV26: 0 | EW26: 0 | EX26: 0 | EZ26: 0 | FQ26: 0 | FR26: =ROUND(IF(AND(AA26=0,BI26=3),P26,0),2) -> 0 | FS26: 0 | FX26: 0 | FY26: 0
A27: 17 | B27: 1 | C27: =ROW(SmtRes!A14) -> 14 | D27: =ROW(EtalonRes!A14) -> 14 | E27: 3 | F27: 3.17-2-7 | G27: УСТАНОВКА ПОЛОТЕНЦЕСУШИТЕЛЕЙ ИЗ НЕРЖАВЕЮЩЕЙ СТАЛИ ТИПА "ЛЕСЕНКА" | H27: шт. | I27: 1 | J27: 0 | O27: =ROUND(CP27,2) -> 517.3 | P27: =ROUND(CQ27*I27,2) -> 10.63 | Q27: =ROUND(CR27*I27,2) -> 1.45 | R27: =ROUND(CS27*I27,2) -> 0.34 | S27: =ROUND(CT27*I27,2) -> 505.22 | T27: =ROUND(CU27*I27,2) -> 0 | U27: =CV27*I27 -> 3.386658 | V27: =CW27*I27 -> 0 | W27: =ROUND(CX27*I27,2) -> 0 | X27: =ROUND(CY27,2) -> 581 | Y27: =ROUND(CZ27,2) -> 267.77 | AA27: 0 | AB27: =(AC27+AD27+AF27) -> 40.453 | AC27: =(ES27) -> 2.97 | AD27: =((ET27*1.25)) -> 0.2 | AE27: =((EU27*1.25)) -> 0.025 | AF27: =((EV27*1.15)) -> 37.283 | AG27: =(AP27) -> 0 | AH27: =((EW27*1.15)) -> 3.174 | AI27: =((EX27*1.25)) -> 0 | AJ27: =(AS27) -> 0 | AK27: 35.55 | AL27: 2.97 | AM27: 0.16 | AN27: 0.02 | AO27: 32.42 | AP27: 0 | AQ27: 2.76 | AR27: 0 | AS27: 0 | AT27: 115 | AU27: 53 | AV27: 1.067 | AW27: 1 | AX27: 1 | AY27: 1 | AZ27: 12.7 | BA27: 12.7 | BB27: 6.8 | BC27: 3.58 | BH27: 0 | BI27: 1 | BJ27: ТСН-2001.3. Д.2. Сб.17, т.2, поз.7 | BM27: 1117 | BN27: 0 | BO27: 3.17-2-7 | BP27: 1 | BQ27: 30 | BR27: 0 | BS27: 12.7 | BT27: 1 | BU27: 1 | BV27: 1 | BW27: 1 | BX27: 1 | BZ27: 115 | CA27: 53 | CF27: 0 | CG27: 0 | CM27: 0 | CO27: 0 | CP27: =(P27+Q27+S27) -> 517.3 | CQ27: =((AC27*AW27))*BC27 -> 10.6326 | CR27: =((AD27*AV27))*BB27 -> 1.45112 | CS27: =((AE27*AV27))*BS27 -> 0.3387725 | CT27: =((AF27*AV27))*BA27 -> 505.2182 | CU27: =(AG27)*BT27 -> 0 | CV27: =((AH27*AV27))*BU27 -> 3.386658 | CW27: =(AI27)*BV27 -> 0 | CX27: =(AJ27)*BW27 -> 0 | CY27: =S27*(BZ27/100) -> 581.003 | CZ27: =S27*(CA27/100) -> 267.7666 | DE27: *1,25 | DF27: *1,25 | DG27: )*1,15 | DI27: )*1,15 | DJ27: *1,25 | DN27: 125 | DO27: 94 | DP27: 1.067 | DQ27: 1 | DR27: 1 | DS27: 1 | DT27: 1 | DU27: 1010 | DV27: шт. | DW27: шт. | DX27: 1 | EE27: 18004081 | EF27: 30 | EG27: Строительные работы | EH27: 0 | EJ27: 1 | EK27: 1117 | EL27: ТСН-2001.3-17. 17-2-6, 17-2-7 (доп. 2) | EM27: ТСН-2001.3-17-4 | EQ27: 64 | ER27: 35.55 | ES27: 2.97 | ET27: 0.16 | EU27: 0.02 | EV27: 32.42 | EW27: 2.76 | EX27: 0 | EY27: 0 | EZ27: 0 | FQ27: 0 | FR27: =ROUND(IF(AND(AA27=0,BI27=3),P27,0),2) -> 0 | FS27: 0 | FX27: 115 | FY27: 53
A28: 18 | B28: 1 | C28: 13 | E28: 3,1 | F28: 4951511000 | G28: ПОЛОТЕНЦЕСУШИТЕЛИ ИЗ НЕРЖАВЕЮЩЕЙ СТАЛИ | H28: шт. | I28: =I27*J28 -> 1 | J28: 1 | O28: =ROUND(CP28,2) -> 0 | P28: =ROUND(CQ28*I28,2) -> 0 | Q28: =ROUND(CR28*I28,2) -> 0 | R28: =ROUND(CS28*I28,2) -> 0 | S28: =ROUND(CT28*I28,2) -> 0 | T28: =ROUND(CU28*I28,2) -> 0 | U28: =CV28*I28 -> 0 | V28: =CW28*I28 -> 0 | W28: =ROUND(CX28*I28,2) -> 0 | X28: =ROUND(CY28,2) -> 0 | Y28: =ROUND(CZ28,2) -> 0 | AA28: 0 | AB28: =(AC28+AD28+AF28) -> 0 | AC28: =AL28 -> 0 | AD28: =AM28 -> 0 | AE28: =AN28 -> 0 | AF28: =AO28 -> 0 | AG28: =AP28 -> 0 | AH28: =AQ28 -> 0 | AI28: =AR28 -> 0 | AJ28: =AS28 -> 0 | AK28: 0 | AL28: 0 | AM28: 0 | AN28: 0 | AO28: 0 | AP28: 0 | AQ28: 0 | AR28: 0 | AS28: 0 | AT28: 0 | AU28: 0 | AV28: 1.067 | AW28: 1 | AX28: 1 | AY28: 1 | AZ28: 1 | BA28: 1 | BB28: 1 | BC28: 1 | BH28: 3 | BI28: 1 | BM28: 1117 | BN28: 0 | BP28: 0 | BQ28: 30 | BR28: 0 | BS28: 1 | BT28: 1 | BU28: 1 | BV28: 1 | BW28: 1 | BX28: 1 | BZ28: 0 | CA28: 0 | CF28: 0 | CG28: 0 | CM28: 0 | CO28: 0 | CP28: =(P28+Q28+S28) -> 0 | CQ28: =((AC28*AW28))*BC28 -> 0 | CR28: =((AD28*AV28))*BB28 -> 0 | CS28: =((AE28*AV28))*BS28 -> 0 | CT28: =((AF28*AV28))*BA28 -> 0 | CU28: =(AG28)*BT28 -> 0 | CV28: =((AH28*AV28))*BU28 -> 0 | CW28: =(AI28)*BV28 -> 0 | CX28: =(AJ28)*BW28 -> 0 | CY28: =S28*(BZ28/100) -> 0 | CZ28: =S28*(CA28/100) -> 0 | DN28: 125 | DO28: 94 | DP28: 1.067 | DQ28: 1 | DR28: 1 | DS28: 1 | DT28: 1 | DU28: 1010 | DV28: шт. | DW28: шт. | DX28: 1 | EE28: 18004081 | EF28: 30 | EG28: Строительные работы | EH28: 0 | EJ28: 1 | EK28: 1117 | EL28: ТСН-2001.3-17. 17-2-6, 17-2-7 (доп. 2) | EM28: ТСН-2001.3-17-4 | EQ28: 0 | ER28: 0 | ES28: 0 | ET28: 0 | EU28: 0 | EV28: 0 | EW28: 0 | EX28: 0 | EZ28: 0 | FQ28: 0 | FR28: =ROUND(IF(AND(AA28=0,BI28=3),P28,0),2) -> 0 | FS28: 0 | FX28: 0 | FY28: 0
A29: 18 | B29: 1 | C29: 14 | E29: 3,2 | F29: 4951541000 | G29: ДЕТАЛИ СОЕДИНИТЕЛЬНЫЕ ДЛЯ ПОЛОТЕНЦЕСУШИТЕЛЕЙ - МУФТЫ | H29: шт. | I29: =I27*J29 -> 2 | J29: 2 | O29: =ROUND(CP29,2) -> 0 | P29: =ROUND(CQ29*I29,2) -> 0 | Q29: =ROUND(CR29*I29,2) -> 0 | R29: =ROUND(CS29*I29,2) -> 0 | S29: =ROUND(CT29*I29,2) -> 0 | T29: =ROUND(CU29*I29,2) -> 0 | U29: =CV29*I29 -> 0 | V29: =CW29*I29 -> 0 | W29: =ROUND(CX29*I29,2) -> 0 | X29: =ROUND(CY29,2) -> 0 | Y29: =ROUND(CZ29,2) -> 0 | AA29: 0 | AB29: =(AC29+AD29+AF29) -> 0 | AC29: =AL29 -> 0 | AD29: =AM29 -> 0 | AE29: =AN29 -> 0 | AF29: =AO29 -> 0 | AG29: =AP29 -> 0 | AH29: =AQ29 -> 0 | AI29: =AR29 -> 0 | AJ29: =AS29 -> 0 | AK29: 0 | AL29: 0 | AM29: 0 | AN29: 0 | AO29: 0 | AP29: 0 | AQ29: 0 | AR29: 0 | AS29: 0 | AT29: 0 | AU29: 0 | AV29: 1.067 | AW29: 1 | AX29: 1 | AY29: 1 | AZ29: 1 | BA29: 1 | BB29: 1 | BC29: 1 | BH29: 3 | BI29: 1 | BM29: 1117 | BN29: 0 | BP29: 0 | BQ29: 30 | BR29: 0 | BS29: 1 | BT29: 1 | BU29: 1 | BV29: 1 | BW29: 1 | BX29: 1 | BZ29: 0 | CA29: 0 | CF29: 0 | CG29: 0 | CM29: 0 | CO29: 0 | CP29: =(P29+Q29+S29) -> 0 | CQ29: =((AC29*AW29))*BC29 -> 0 | CR29: =((AD29*AV29))*BB29 -> 0 | CS29: =((AE29*AV29))*BS29 -> 0 | CT29: =((AF29*AV29))*BA29 -> 0 | CU29: =(AG29)*BT29 -> 0 | CV29: =((AH29*AV29))*BU29 -> 0 | CW29: =(AI29)*BV29 -> 0 | CX29: =(AJ29)*BW29 -> 0 | CY29: =S29*(BZ29/100) -> 0 | CZ29: =S29*(CA29/100) -> 0 | DN29: 125 | DO29: 94 | DP29: 1.067 | DQ29: 1 | DR29: 1 | DS29: 1 | DT29: 1 | DU29: 1010 | DV29: шт. | DW29: шт. | DX29: 1 | EE29: 18004081 | EF29: 30 | EG29: Строительные работы | EH29: 0 | EJ29: 1 | EK29: 1117 | EL29: ТСН-2001.3-17. 17-2-6, 17-2-7 (доп. 2) | EM29: ТСН-2001.3-17-4 | EQ29: 0 | ER29: 0 | ES29: 0 | ET29: 0 | EU29: 0 | EV29: 0 | EW29: 0 | EX29: 0 | EZ29: 0 | FQ29: 0 | FR29: =ROUND(IF(AND(AA29=0,BI29=3),P29,0),2) -> 0 | FS29: 0 | FX29: 0 | FY29: 0
A30: 17 | B30: 1 | E30: 4 | F30: 4.8-243-8 | G30: РОЗЕТКА ШТЕПСЕЛЬНАЯ НЕУТОПЛЕННОГО ТИПА ПРИ ОТКРЫТОЙ ПРОВОДКЕ | H30: 100 шт. | I30: 0.01 | J30: 0 | O30: =ROUND(CP30,2) -> 77.13 | P30: =ROUND(CQ30*I30,2) -> 1.23 | Q30: =ROUND(CR30*I30,2) -> 1.89 | R30: =ROUND(CS30*I30,2) -> 0.2 | S30: =ROUND(CT30*I30,2) -> 74.01 | T30: =ROUND(CU30*I30,2) -> 0 | U30: =CV30*I30 -> 0.44826781 | V30: =CW30*I30 -> 0 | W30: =ROUND(CX30*I30,2) -> 0 | X30: =ROUND(CY30,2) -> 75.49 | Y30: =ROUND(CZ30,2) -> 33.3 | AA30: 0 | AB30: =(AC30+AD30+AF30) -> 603.1435 | AC30: =(ES30) -> 26.88 | AD30: =((ET30*1.25)) -> 19.675 | AE30: =((EU30*1.25)) -> 1.475 | AF30: =((EV30*1.15)) -> 556.5885 | AG30: =(AP30) -> 0 | AH30: =((EW30*1.15)) -> 42.8145 | AI30: =((EX30*1.25)) -> 0 | AJ30: =(AS30) -> 0 | AK30: 526.61 | AL30: 26.88 | AM30: 15.74 | AN30: 1.18 | AO30: 483.99 | AP30: 0 | AQ30: 37.23 | AR30: 0 | AS30: 0 | AT30: 102 | AU30: 45 | AV30: 1.047 | AW30: 1 | AX30: 1 | AY30: 1 | AZ30: 12.7 | BA30: 12.7 | BB30: 9.17 | BC30: 4.56 | BH30: 0 | BI30: 2 | BJ30: ТСН-2001.4. База. Сб.8, т.243, поз.8 | BM30: 333 | BN30: 0 | BO30: 4.8-243-8 | BP30: 1 | BQ30: 40 | BR30: 0 | BS30: 12.7 | BT30: 1 | BU30: 1 | BV30: 1 | BW30: 1 | BX30: 1 | BZ30: 102 | CA30: 45 | CF30: 0 | CG30: 0 | CM30: 0 | CO30: 0 | CP30: =(P30+Q30+S30) -> 77.13 | CQ30: =((AC30*AW30))*BC30 -> 122.5728 | CR30: =((AD30*AV30))*BB30 -> 188.89948 | CS30: =((AE30*AV30))*BS30 -> 19.612927 | CT30: =((AF30*AV30))*BA30 -> 7400.9016 | CU30: =(AG30)*BT30 -> 0 | CV30: =((AH30*AV30))*BU30 -> 44.826781 | CW30: =(AI30)*BV30 -> 0 | CX30: =(AJ30)*BW30 -> 0 | CY30: =S30*(BZ30/100) -> 75.4902 | CZ30: =S30*(CA30/100) -> 33.3045 | DE30: *1,25 | DF30: *1,25 | DG30: )*1,15 | DI30: )*1,15 | DJ30: *1,25 | DN30: 112 | DO30: 70 | DP30: 1.047 | DQ30: 1 | DR30: 1 | DS30: 1 | DT30: 1 | DU30: 1010 | DV30: 100 шт. | DW30: 100 шт. | DX30: 100 | EE30: 18003297 | EF30: 40 | EG30: Монтаж оборудования | EH30: 0 | EJ30: 2 | EK30: 333 | EL30: ТСН-2001.4-8. 8-188...8-272 | EM30: ТСН-2001.4-8-18 | EQ30: 0 | ER30: 526.61 | ES30: 26.88 | ET30: 15.74 | EU30: 1.18 | EV30: 483.99 | EW30: 37.23 | EX30: 0 | EY30: 0 | EZ30: 0 | FQ30: 0 | FR30: =ROUND(IF(AND(AA30=0,BI30=3),P30,0),2) -> 0 | FS30: 0 | FX30: 102 | FY30: 45
A31: 17 | B31: 1 | E31: 5 | F31: 4.8-243-9 | G31: РОЗЕТКА ШТЕПСЕЛЬНАЯ УТОПЛЕННОГО ТИПА ПРИ СКРЫТОЙ ПРОВОДКЕ | H31: 100 шт. | I31: 0.01 | J31: 0 | O31: =ROUND(CP31,2) -> 71.12 | P31: =ROUND(CQ31*I31,2) -> 1.27 | Q31: =ROUND(CR31*I31,2) -> 0.27 | R31: =ROUND(CS31*I31,2) -> 0.1 | S31: =ROUND(CT31*I31,2) -> 69.58 | T31: =ROUND(CU31*I31,2) -> 0 | U31: =CV31*I31 -> 0.4214175 | V31: =CW31*I31 -> 0 | W31: =ROUND(CX31*I31,2) -> 0 | X31: =ROUND(CY31,2) -> 70.97 | Y31: =ROUND(CZ31,2) -> 31.31 | AA31: 0 | AB31: =(AC31+AD31+AF31) -> 554.4975 | AC31: =(ES31) -> 27.86 | AD31: =((ET31*1.25)) -> 3.3875 | AE31: =((EU31*1.25)) -> 0.7875 | AF31: =((EV31*1.15)) -> 523.25 | AG31: =(AP31) -> 0 | AH31: =((EW31*1.15)) -> 40.25 | AI31: =((EX31*1.25)) -> 0 | AJ31: =(AS31) -> 0 | AK31: 485.57 | AL31: 27.86 | AM31: 2.71 | AN31: 0.63 | AO31: 455 | AP31: 0 | AQ31: 35 | AR31: 0 | AS31: 0 | AT31: 102 | AU31: 45 | AV31: 1.047 | AW31: 1 | AX31: 1 | AY31: 1 | AZ31: 12.7 | BA31: 12.7 | BB31: 7.58 | BC31: 4.56 | BH31: 0 | BI31: 2 | BJ31: ТСН-2001.4. База. Сб.8, т.243, поз.9 | BM31: 333 | BN31: 0 | BO31: 4.8-243-9 | BP31: 1 | BQ31: 40 | BR31: 0 | BS31: 12.7 | BT31: 1 | BU31: 1 | BV31: 1 | BW31: 1 | BX31: 1 | BZ31: 102 | CA31: 45 | CF31: 0 | CG31: 0 | CM31: 0 | CO31: 0 | CP31: =(P31+Q31+S31) -> 71.12 | CQ31: =((AC31*AW31))*BC31 -> 127.0416 | CR31: =((AD31*AV31))*BB31 -> 26.884081 | CS31: =((AE31*AV31))*BS31 -> 10.471309 | CT31: =((AF31*AV31))*BA31 -> 6957.6029 | CU31: =(AG31)*BT31 -> 0 | CV31: =((AH31*AV31))*BU31 -> 42.14175 | CW31: =(AI31)*BV31 -> 0 | CX31: =(AJ31)*BW31 -> 0 | CY31: =S31*(BZ31/100) -> 70.9716 | CZ31: =S31*(CA31/100) -> 31.311 | DE31: *1,25 | DF31: *1,25 | DG31: )*1,15 | DI31: )*1,15 | DJ31: *1,25 | DN31: 112 | DO31: 70 | DP31: 1.047 | DQ31: 1 | DR31: 1 | DS31: 1 | DT31: 1 | DU31: 1010 | DV31: 100 шт. | DW31: 100 шт. | DX31: 100 | EE31: 18003297 | EF31: 40 | EG31: Монтаж оборудования | EH31: 0 | EJ31: 2 | EK31: 333 | EL31: ТСН-2001.4-8. 8-188...8-272 | EM31: ТСН-2001.4-8-18 | EQ31: 0 | ER31: 485.57 | ES31: 27.86 | ET31: 2.71 | EU31: 0.63 | EV31: 455 | EW31: 35 | EX31: 0 | EY31: 0 | EZ31: 0 | FQ31: 0 | FR31: =ROUND(IF(AND(AA31=0,BI31=3),P31,0),2) -> 0 | FS31: 0 | FX31: 102 | FY31: 45
A33: 51 | B33: =B20 -> 1 | C33: =A20 -> 3 | D33: =ROW(A20) -> 20 | F33: =IF(F20<>"",F20,"") -> Новая локальная смета | G33: =IF(G20<>"",G20,"") -> Новая локальная смета | O33: =ROUND(AB33,2) -> 1097.53 | P33: =ROUND(AC33,2) -> 22.82 | Q33: =ROUND(AD33,2) -> 3.61 | R33: =ROUND(AE33,2) -> 0.64 | S33: =ROUND(AF33,2) -> 1071.1 | T33: =ROUND(AG33,2) -> 0 | U33: =ROUND(AH33,2) -> 7 | V33: =ROUND(AI33,2) -> 0 | ... Y33: =ROUND(AL33,2) -> 522.41 | AB33: =ROUND(SUMIF(AA24:AA31,"=0",O24:O31),2) -> 1097.53 | AC33: =ROUND(SUMIF(AA24:AA31,"=0",P24:P31),2) -> 22.82 | AD33: =ROUND(SUMIF(AA24:AA31,"=0",Q24:Q31),2) -> 3.61 | AE33: =ROUND(SUMIF(AA24:AA31,"=0",R24:R31),2) -> 0.64 | AF33: =ROUND(SUMIF(AA24:AA31,"=0",S24:S31),2) -> 1071.1 | AG33: =ROUND(SUMIF(AA24:AA31,"=0",T24:T31),2) -> 0 | AH33: =ROUND(SUMIF(AA24:AA31,"=0",U24:U31),2) -> 7 | AI33: =ROUND(SUMIF(AA24:AA31,"=0",V24:V31),2) -> 0 | AJ33: =ROUND(SUMIF(AA24:AA31,"=0",W24:W31),2) -> 0 | AK33: =ROUND(SUMIF(AA24:AA31,"=0",X24:X31),2) -> 1132.11 | AL33: =ROUND(SUMIF(AA24:AA31,"=0",Y24:Y31),2) -> 522.41 | AN33: =ROUND(AO33,2) -> 0 | AO33: =ROUND(SUMIF(AA24:AA31,"=0",FQ24:FQ31),2) -> 0 | AP33: =ROUND(AQ33,2) -> 0 | AQ33: =ROUND(SUM(FR24:FR31),2) -> 0
A35: 50 | B35: 0 | C35: 0 | D35: 1 | E35: 201 | F35: =Source!O33 -> 1097.53 | G35: ПЗ | H35: Прямые затраты | K35: 201 | L35: 1 | M35: 3
A36: 50 | B36: 0 | C36: 0 | D36: 1 | E36: 202 | F36: =Source!P33 -> 22.82 | G36: СтМат | H36: Стоимость материальных ресурсов | K36: 202 | L36: 2 | M36: 3
A37: 50 | B37: 0 | C37: 0 | D37: 1 | E37: 222 | F37: =Source!AN33 -> 0 | G37: СтМатЗак | H37: Стоимость материалов заказчика | K37: 222 | L37: 3 | M37: 3
A38: 50 | B38: 0 | C38: 0 | D38: 1 | E38: 216 | F38: =Source!AP33 -> 0 | G38: Оборуд | H38: Стоимость оборудования | K38: 216 | L38: 4 | M38: 3
A39: 50 | B39: 0 | C39: 0 | D39: 1 | E39: 203 | F39: =Source!Q33 -> 3.61 | G39: ЭММ | H39: Эксплуатация машин | K39: 203 | L39: 5 | M39: 3
A40: 50 | B40: 0 | C40: 0 | D40: 1 | E40: 204 | F40: =Source!R33 -> 0.64 | G40: ЗПМ | H40: ЗП машинистов | K40: 204 | L40: 6 | M40: 3
A41: 50 | B41: 0 | C41: 0 | D41: 1 | E41: 205 | F41: =Source!S33 -> 1071.1 | G41: ОЗП | H41: Основная ЗП рабочих | K41: 205 | L41: 7 | M41: 3
A42: 50 | B42: 0 | C42: 0 | D42: 1 | E42: 206 | F42: =Source!T33 -> 0 | G42: ВозврМат | H42: Возврат материалов | K42: 206 | L42: 8 | M42: 3
A43: 50 | B43: 0 | C43: 0 | D43: 1 | E43: 207 | F43: =Source!U33 -> 7 | G43: ТрудСтр | H43: Трудозатраты строителей | K43: 207 | L43: 9 | M43: 3
A44: 50 | B44: 0 | C44: 0 | D44: 1 | E44: 208 | F44: =Source!V33 -> 0 | G44: ТрудМаш | H44: Трудозатраты машинистов | K44: 208 | L44: 10 | M44: 3
A45: 50 | B45: 0 | C45: 0 | D45: 1 | E45: 209 | F45: =Source!W33 -> 0 | G45: ТранспМат | H45: Транспорт материалов | K45: 209 | L45: 11 | M45: 3
A46: 50 | B46: 0 | C46: 0 | D46: 1 | E46: 210 | F46: =Source!X33 -> 1132.11 | G46: НР | H46: Накладные расходы | K46: 210 | L46: 12 | M46: 3
A47: 50 | B47: 0 | C47: 0 | D47: 1 | E47: 211 | F47: =Source!Y33 -> 522.41 | G47: СмПриб | H47: Сметная прибыль | K47: 211 | L47: 13 | M47: 3
A48: 50 | B48: 0 | C48: 0 | D48: 2 | E48: 0 | F48: =ROUND(Source!F40*1.78,2) -> 1.14 | G48: нр и сп | H48: НР и СП от ЗПМ | K48: 212 | L48: 14 | M48: 3
A49: 50 | B49: 1 | C49: 0 | D49: 2 | E49: 0 | F49: =ROUND(Source!F35+Source!F46+Source!F47+Source!F48,2) -> 2753.19 | G49: Итог | H49: Итого | K49: 212 | L49: 15 | M49: 0
A50: 50 | B50: 1 | C50: 0 | D50: 2 | E50: 0 | F50: =ROUND(Source!F49*0.18,2) -> 495.57 | G50: ндс | H50: НДС 18% | K50: 212 | L50: 16 | M50: 0
A51: 50 | B51: 1 | C51: 0 | D51: 2 | E51: 0 | F51: =ROUND(Source!F49+Source!F50,2) -> 3248.76 | G51: Итог с ндс | H51: Итого с НДС 18% | K51: 212 | L51: 17 | M51: 0
A53: 51 | B53: =B12 -> 1 | C53: =A12 -> 1 | D53: =ROW(A12) -> 12 | F53: =IF(F12<>"",F12,"") -> Новый объект | G53: =IF(G12<>"",G12,"") -> Новый объект | O53: =ROUND(O33,2) -> 1097.53 | P53: =ROUND(P33,2) -> 22.82 | Q53: =ROUND(Q33,2) -> 3.61 | R53: =ROUND(R33,2) -> 0.64 | S53: =ROUND(S33,2) -> 1071.1 | T53: =ROUND(T33,2) -> 0 | U53: =ROUND(U33,2) -> 7 | V53: =ROUND(V33,2) -> 0 | ... Y53: =ROUND(Y33,2) -> 522.41 | AB53: 0 | AC53: 0 | AD53: 0 | AE53: 0 | AF53: 0 | AG53: 0 | AH53: 0 | AI53: 0 | AJ53: 0 | AK53: 0 | AL53: 0 | AN53: =ROUND(AN33,2) -> 0 | AO53: 0 | AP53: =ROUND(AP33,2) -> 0 | AQ53: 0
A55: 50 | B55: 0 | C55: 0 | D55: 1 | E55: 201 | F55: =Source!O53 -> 1097.53 | G55: ПЗ | H55: Прямые затраты | K55: 201 | L55: 1 | M55: 3
A56: 50 | B56: 0 | C56: 0 | D56: 1 | E56: 202 | F56: =Source!P53 -> 22.82 | G56: СтМат | H56: Стоимость материальных ресурсов | K56: 202 | L56: 2 | M56: 3
A57: 50 | B57: 0 | C57: 0 | D57: 1 | E57: 222 | F57: =Source!AN53 -> 0 | G57: СтМатЗак | H57: Стоимость материалов заказчика | K57: 222 | L57: 3 | M57: 3
A58: 50 | B58: 0 | C58: 0 | D58: 1 | E58: 216 | F58: =Source!AP53 -> 0 | G58: Оборуд | H58: Стоимость оборудования | K58: 216 | L58: 4 | M58: 3
A59: 50 | B59: 0 | C59: 0 | D59: 1 | E59: 203 | F59: =Source!Q53 -> 3.61 | G59: ЭММ | H59: Эксплуатация машин | K59: 203 | L59: 5 | M59: 3
A60: 50 | B60: 0 | C60: 0 | D60: 1 | E60: 204 | F60: =Source!R53 -> 0.64 | G60: ЗПМ | H60: ЗП машинистов | K60: 204 | L60: 6 | M60: 3
A61: 50 | B61: 0 | C61: 0 | D61: 1 | E61: 205 | F61: =Source!S53 -> 1071.1 | G61: ОЗП | H61: Основная ЗП рабочих | K61: 205 | L61: 7 | M61: 3
A62: 50 | B62: 0 | C62: 0 | D62: 1 | E62: 206 | F62: =Source!T53 -> 0 | G62: ВозврМат | H62: Возврат материалов | K62: 206 | L62: 8 | M62: 3
A63: 50 | B63: 0 | C63: 0 | D63: 1 | E63: 207 | F63: =Source!U53 -> 7 | G63: ТрудСтр | H63: Трудозатраты строителей | K63: 207 | L63: 9 | M63: 3
A64: 50 | B64: 0 | C64: 0 | D64: 1 | E64: 208 | F64: =Source!V53 -> 0 | G64: ТрудМаш | H64: Трудозатраты машинистов | K64: 208 | L64: 10 | M64: 3
A65: 50 | B65: 0 | C65: 0 | D65: 1 | E65: 209 | F65: =Source!W53 -> 0 | G65: ТранспМат | H65: Транспорт материалов | K65: 209 | L65: 11 | M65: 3
A66: 50 | B66: 0 | C66: 0 | D66: 1 | E66: 210 | F66: =Source!X53 -> 1132.11 | G66: НР | H66: Накладные расходы | K66: 210 | L66: 12 | M66: 3
A67: 50 | B67: 0 | C67: 0 | D67: 1 | E67: 211 | F67: =Source!Y53 -> 522.41 | G67: СмПриб | H67: Сметная прибыль | K67: 211 | L67: 13 | M67: 3
A71: 65 | C71: 1 | D71: 0 | E71: 200

Sheet SmtRes
A1: =ROW(Source!A24) -> 24 | B1: 18315457 | C1: 18315456 | D1: 7157835 | E1: 7157832 | F1: 1 | G1: 7157832 | H1: 1 | I1: 9999990008 | K1: ТРУДОЗАТРАТЫ РАБОЧИХ (ЭСН) | L1: 1191 | N1: 1013 | O1: чел.-ч. | P1: чел.-ч. | Q1: 1 | Y1: 45.7 | AA1: 0 | AB1: 0 | AC1: 0 | AD1: 0 | AN1: 0 | AO1: 1 | AP1: 0 | AQ1: 0 | AR1: 0 | AT1: 45.7 | AV1: 1 | AW1: 2 | AX1: 18315457 | AY1: 1 | AZ1: 0 | BA1: 1 | BB1: 0 | BC1: 0 | BD1: 0 | BE1: 0 | BF1: 0 | BG1: 0 | BH1: 0 | BI1: 0 | BJ1: 0 | BK1: 0 | BL1: 0 | BM1: 0 | BN1: 0 | BO1: 0 | BP1: 0 | BQ1: 0 | BR1: 0 | BS1: 0 | BT1: 0 | BU1: 0 | BV1: 0 | BW1: 0 | CB1: 0
A2: =ROW(Source!A24) -> 24 | B2: 18315458 | C2: 18315456 | D2: 7182702 | E2: 7157832 | F2: 1 | G2: 7157832 | H2: 3 | I2: 1.0-0-0 | K2: МАССА МУСОРА | L2: 1348 | N2: 1009 | O2: т | P2: т | Q2: 1000 | Y2: 0.09 | AA2: 0 | AB2: 0 | AC2: 0 | AD2: 0 | AN2: 0 | AO2: 1 | AP2: 0 | AQ2: 0 | AR2: 0 | AT2: 0.09 | AV2: 0 | AW2: 2 | AX2: 18315458 | AY2: 1 | AZ2: 0 | BA2: 2 | BB2: 0 | BC2: 0 | BD2: 0 | BE2: 0 | BF2: 0 | BG2: 0 | BH2: 0 | BI2: 0 | BJ2: 0 | BK2: 0 | BL2: 0 | BM2: 0 | BN2: 0 | BO2: 0 | BP2: 0 | BQ2: 0 | BR2: 0 | BS2: 0 | BT2: 0 | BU2: 0 | BV2: 0 | BW2: 0 | CB2: 0
A3: =ROW(Source!A25) -> 25 | B3: 18315460 | C3: 18315459 | D3: 7157835 | E3: 7157832 | F3: 1 | G3: 7157832 | H3: 1 | I3: 9999990008 | K3: ТРУДОЗАТРАТЫ РАБОЧИХ (ЭСН) | L3: 1191 | N3: 1013 | O3: чел.-ч. | P3: чел.-ч. | Q3: 1 | Y3: 212 | AA3: 0 | AB3: 0 | AC3: 0 | AD3: 0 | AN3: 0 | AO3: 1 | AP3: 0 | AQ3: 0 | AR3: 0 | AT3: 212 | AV3: 1 | AW3: 2 | AX3: 18315460 | AY3: 1 | AZ3: 0 | BA3: 3 | BB3: 0 | BC3: 0 | BD3: 0 | BE3: 0 | BF3: 0 | BG3: 0 | BH3: 0 | BI3: 0 | BJ3: 0 | BK3: 0 | BL3: 0 | BM3: 0 | BN3: 0 | BO3: 0 | BP3: 0 | BQ3: 0 | BR3: 0 | BS3: 0 | BT3: 0 | BU3: 0 | BV3: 0 | BW3: 0 | CB3: 0
A4: =ROW(Source!A25) -> 25 | B4: 18315461 | C4: 18315459 | D4: 7233003 | E4: 1 | F4: 1 | G4: 7157832 | H4: 3 | I4: 1.1-1-1338 | J4: ТСН-2001.1. База. Р.1, о.1, поз.1338 | K4: ЦЕМЕНТ ГИПСОГЛИНОЗЕМИСТЫЙ РАСШИРЯЮЩИЙСЯ | L4: 1348 | N4: 1009 | O4: т | P4: т | Q4: 1000 | Y4: 0.0079 | AA4: 483.86 | AB4: 0 | AC4: 0 | AD4: 0 | AN4: 0 | AO4: 1 | AP4: 0 | AQ4: 0 | AR4: 0 | AT4: 0.0079 | AV4: 0 | AW4: 2 | AX4: 18315461 | AY4: 1 | AZ4: 0 | BA4: 4 | BB4: 0 | BC4: 0 | BD4: 0 | BE4: 0 | BF4: 0 | BG4: 0 | BH4: 0 | BI4: 0 | BJ4: 0 | BK4: 0 | BL4: 0 | BM4: 0 | BN4: 0 | BO4: 0 | BP4: 0 | BQ4: 0 | BR4: 0 | BS4: 0 | BT4: 0 | BU4: 0 | BV4: 0 | BW4: 0 | CB4: 0
A5: =ROW(Source!A25) -> 25 | B5: 18315462 | C5: 18315459 | D5: 7233164 | E5: 1 | F5: 1 | G5: 7157832 | H5: 3 | I5: 1.1-1-1502 | J5: ТСН-2001.1. База. Р.1, о.1, поз.1502 | K5: ШУРУПЫ С ПОТАЙНОЙ ГОЛОВКОЙ, ЧЕРНЫЕ, РАЗМЕР 8,0Х100 ММ | L5: 1348 | N5: 1009 | O5: т | P5: т | Q5: 1000 | Y5: 0.0108 | AA5: 17750.86 | AB5: 0 | AC5: 0 | AD5: 0 | AN5: 0 | AO5: 1 | AP5: 0 | AQ5: 0 | AR5: 0 | AT5: 0.0108 | AV5: 0 | AW5: 2 | AX5: 18315462 | AY5: 1 | AZ5: 0 | BA5: 5 | BB5: 0 | BC5: 0 | BD5: 0 | BE5: 0 | BF5: 0 | BG5: 0 | BH5: 0 | BI5: 0 | BJ5: 0 | BK5: 0 | BL5: 0 | BM5: 0 | BN5: 0 | BO5: 0 | BP5: 0 | BQ5: 0 | BR5: 0 | BS5: 0 | BT5: 0 | BU5: 0 | BV5: 0 | BW5: 0 | CB5: 0
A6: =ROW(Source!A25) -> 25 | B6: 18315463 | C6: 18315459 | D6: 7232436 | E6: 1 | F6: 1 | G6: 7157832 | H6: 3 | I6: 1.1-1-740 | J6: ТСН-2001.1. База. Р.1, о.1, поз.740 | K6: ПАКЛЯ ПРОПИТАННАЯ | L6: 1346 | N6: 1009 | O6: кг | P6: кг | Q6: 1 | Y6: 3.4 | AA6: 9.86 | AB6: 0 | AC6: 0 | AD6: 0 | AN6: 0 | AO6: 1 | AP6: 0 | AQ6: 0 | AR6: 0 | AT6: 3.4 | AV6: 0 | AW6: 2 | AX6: 18315463 | AY6: 1 | AZ6: 0 | BA6: 6 | BB6: 0 | BC6: 0 | BD6: 0 | BE6: 0 | BF6: 0 | BG6: 0 | BH6: 0 | BI6: 0 | BJ6: 0 | BK6: 0 | BL6: 0 | BM6: 0 | BN6: 0 | BO6: 0 | BP6: 0 | BQ6: 0 | BR6: 0 | BS6: 0 | BT6: 0 | BU6: 0 | BV6: 0 | BW6: 0 | CB6: 0
A7: =ROW(Source!A25) -> 25 | B7: 18315464 | C7: 18315459 | D7: 7173530 | E7: 7157832 | F7: 1 | G7: 7157832 | H7: 3 | I7: 4962130000 | K7: УМЫВАЛЬНИКИ | L7: 1035 | N7: 1013 | O7: компл. | P7: компл. | Q7: 1 | Y7: 100 | AA7: 0 | AB7: 0 | AC7: 0 | AD7: 0 | AN7: 0 | AO7: 0 | AP7: 0 | AQ7: 0 | AR7: 0 | AT7: 100 | AV7: 0 | AW7: 2 | AX7: 18315464 | AY7: 1 | AZ7: 0 | BA7: 7 | BB7: 0 | BC7: 0 | BD7: 0 | BE7: 0 | BF7: 0 | BG7: 0 | BH7: 0 | BI7: 0 | BJ7: 0 | BK7: 0 | BL7: 0 | BM7: 0 | BN7: 0 | BO7: 0 | BP7: 0 | BQ7: 0 | BR7: 0 | BS7: 0 | BT7: 0 | BU7: 0 | BV7: 0 | BW7: 0 | CB7: 0
A8: =ROW(Source!A27) -> 27 | B8: 18315467 | C8: 18315466 | D8: 7157835 | E8: 7157832 | F8: 1 | G8: 7157832 | H8: 1 | I8: 9999990008 | K8: ТРУДОЗАТРАТЫ РАБОЧИХ (ЭСН) | L8: 1191 | N8: 1013 | O8: чел.-ч. | P8: чел.-ч. | Q8: 1 | Y8: 3.174 | AA8: 0 | AB8: 0 | AC8: 0 | AD8: 0 | AN8: 0 | AO8: 1 | AP8: 1 | AQ8: 0 | AR8: 0 | AT8: 2.76 | AU8: )*1,15 | AV8: 1 | AW8: 2 | AX8: 18315467 | AY8: 1 | AZ8: 0 | BA8: 8 | BB8: 0 | BC8: 0 | BD8: 0 | BE8: 0 | BF8: 0 | BG8: 0 | BH8: 0 | BI8: 0 | BJ8: 0 | BK8: 0 | BL8: 0 | BM8: 0 | BN8: 0 | BO8: 0 | BP8: 0 | BQ8: 0 | BR8: 0 | BS8: 0 | BT8: 0 | BU8: 0 | BV8: 0 | BW8: 0 | CB8: 0
A9: =ROW(Source!A27) -> 27 | B9: 18315470 | C9: 18315466 | D9: 7159942 | E9: 7157832 | F9: 1 | G9: 7157832 | H9: 2 | I9: 2.0-0-0 | K9: СТОИМОСТЬ ПРОЧИХ МАШИН (ЭСН) | L9: 1344 | N9: 1008 | O9: руб. | P9: руб. | Q9: 1 | Y9: 0.1375 | AA9: 0 | AB9: 1 | AC9: 0 | AD9: 0 | AN9: 0 | AO9: 1 | AP9: 1 | AQ9: 0 | AR9: 0 | AT9: 0.11 | AU9: *1,25 | AV9: 0 | AW9: 2 | AX9: 18315470 | AY9: 1 | AZ9: 0 | BA9: 9 | BB9: 0 | BC9: 0 | BD9: 0 | BE9: 0 | BF9: 0 | BG9: 0 | BH9: 0 | BI9: 0 | BJ9: 0 | BK9: 0 | BL9: 0 | BM9: 0 | BN9: 0 | BO9: 0 | BP9: 0 | BQ9: 0 | BR9: 0 | BS9: 0 | BT9: 0 | BU9: 0 | BV9: 0 | BW9: 0 | CB9: 0
A10: =ROW(Source!A27) -> 27 | B10: 18315468 | C10: 18315466 | D10: 7231491 | E10: 1 | F10: 1 | G10: 7157832 | H10: 2 | I10: 2.1-30-56 | J10: ТСН-2001.2. База. п.1-30-56 (309101) | K10: ШУРУПОВЕРТЫ | L10: 1368 | N10: 1011 | O10: маш.-ч | P10: маш.-ч | Q10: 1 | Y10: 0.0125 | AA10: 0 | AB10: 0.64 | AC10: 0.04 | AD10: 0 | AN10: 0 | AO10: 1 | AP10: 1 | AQ10: 0 | AR10: 0 | AT10: 0.01 | AU10: *1,25 | AV10: 0 | AW10: 2 | AX10: 18315468 | AY10: 1 | AZ10: 0 | BA10: 10 | BB10: 0 | BC10: 0 | BD10: 0 | BE10: 0 | BF10: 0 | BG10: 0 | BH10: 0 | BI10: 0 | BJ10: 0 | BK10: 0 | BL10: 0 | BM10: 0 | BN10: 0 | BO10: 0 | BP10: 0 | BQ10: 0 | BR10: 0 | BS10: 0 | BT10: 0 | BU10: 0 | BV10: 0 | BW10: 0 | CB10: 0
A11: =ROW(Source!A27) -> 27 | B11: 18315469 | C11: 18315466 | D11: 7231445 | E11: 1 | F11: 1 | G11: 7157832 | H11: 2 | I11: 2.1-30-6 | J11: ТСН-2001.2. База. п.1-30-6 (303701) | K11: ДРЕЛИ ЭЛЕКТРИЧЕСКИЕ | L11: 1368 | N11: 1011 | O11: маш.-ч | P11: маш.-ч | Q11: 1 | Y11: 0.025 | AA11: 0 | AB11: 2.36 | AC11: 0.1 | AD11: 0 | AN11: 0 | AO11: 1 | AP11: 1 | AQ11: 0 | AR11: 0 | AT11: 0.02 | AU11: *1,25 | AV11: 0 | AW11: 2 | AX11: 18315469 | AY11: 1 | AZ11: 0 | BA11: 11 | BB11: 0 | BC11: 0 | BD11: 0 | BE11: 0 | BF11: 0 | BG11: 0 | BH11: 0 | BI11: 0 | BJ11: 0 | BK11: 0 | BL11: 0 | BM11: 0 | BN11: 0 | BO11: 0 | BP11: 0 | BQ11: 0 | BR11: 0 | BS11: 0 | BT11: 0 | BU11: 0 | BV11: 0 | BW11: 0 | CB11: 0
A12: =ROW(Source!A27) -> 27 | B12: 18315471 | C12: 18315466 | D12: 7232224 | E12: 1 | F12: 1 | G12: 7157832 | H12: 3 | I12: 1.1-1-513 | J12: ТСН-2001.1. База. Р.1, о.1, поз.513 | K12: ЛЕНТА ИЗ "ФТОРОПЛАСТ-4" | L12: 1346 | N12: 1009 | O12: кг | P12: кг | Q12: 1 | Y12: 0.02 | AA12: 148.68 | AB12: 0 | AC12: 0 | AD12: 0 | AN12: 0 | AO12: 1 | AP12: 0 | AQ12: 0 | AR12: 0 | AT12: 0.02 | AV12: 0 | AW12: 2 | AX12: 18315471 | AY12: 1 | AZ12: 0 | BA12: 12 | BB12: 0 | BC12: 0 | BD12: 0 | BE12: 0 | BF12: 0 | BG12: 0 | BH12: 0 | BI12: 0 | BJ12: 0 | BK12: 0 | BL12: 0 | BM12: 0 | BN12: 0 | BO12: 0 | BP12: 0 | BQ12: 0 | BR12: 0 | BS12: 0 | BT12: 0 | BU12: 0 | BV12: 0 | BW12: 0 | CB12: 0
A13: =ROW(Source!A27) -> 27 | B13: 18315472 | C13: 18315466 | D13: 7525003 | E13: 7157832 | F13: 1 | G13: 7157832 | H13: 3 | I13: 4951511000 | K13: ПОЛОТЕНЦЕСУШИТЕЛИ ИЗ НЕРЖАВЕЮЩЕЙ СТАЛИ | L13: 1354 | N13: 1010 | O13: шт. | P13: шт. | Q13: 1 | Y13: 1 | AA13: 0 | AB13: 0 | AC13: 0 | AD13: 0 | AN13: 0 | AO13: 0 | AP13: 0 | AQ13: 0 | AR13: 0 | AT13: 1 | AV13: 0 | AW13: 2 | AX13: 18315472 | AY13: 1 | AZ13: 0 | BA13: 13 | BB13: 0 | BC13: 0 | BD13: 0 | BE13: 0 | BF13: 0 | BG13: 0 | BH13: 0 | BI13: 0 | BJ13: 0 | BK13: 0 | BL13: 0 | BM13: 0 | BN13: 0 | BO13: 0 | BP13: 0 | BQ13: 0 | BR13: 0 | BS13: 0 | BT13: 0 | BU13: 0 | BV13: 0 | BW13: 0 | CB13: 0
A14: =ROW(Source!A27) -> 27 | B14: 18315473 | C14: 18315466 | D14: 7525012 | E14: 7157832 | F14: 1 | G14: 7157832 | H14: 3 | I14: 4951541000 | K14: ДЕТАЛИ СОЕДИНИТЕЛЬНЫЕ ДЛЯ ПОЛОТЕНЦЕСУШИТЕЛЕЙ - МУФТЫ | L14: 1354 | N14: 1010 | O14: шт. | P14: шт. | Q14: 1 | Y14: 2 | AA14: 0 | AB14: 0 | AC14: 0 | AD14: 0 | AN14: 0 | AO14: 0 | AP14: 0 | AQ14: 0 | AR14: 0 | AT14: 2 | AV14: 0 | AW14: 2 | AX14: 18315473 | AY14: 1 | AZ14: 0 | BA14: 14 | BB14: 0 | BC14: 0 | BD14: 0 | BE14: 0 | BF14: 0 | BG14: 0 | BH14: 0 | BI14: 0 | BJ14: 0 | BK14: 0 | BL14: 0 | BM14: 0 | BN14: 0 | BO14: 0 | BP14: 0 | BQ14: 0 | BR14: 0 | BS14: 0 | BT14: 0 | BU14: 0 | BV14: 0 | BW14: 0 | CB14: 0

Sheet EtalonRes
A1: =ROW(Source!A24) -> 24 | B1: 18315457 | C1: 18315456 | D1: 7157835 | E1: 7157832 | F1: 1 | G1: 7157832 | H1: 1 | I1: 9999990008 | K1: ТРУДОЗАТРАТЫ РАБОЧИХ (ЭСН) | L1: 1191 | N1: 1013 | O1: чел.-ч. | P1: чел.-ч. | Q1: 1 | X1: 45.7 | Y1: 0 | Z1: 0 | AA1: 0 | AB1: 0 | AC1: 0 | AD1: 1 | AE1: 1 | AG1: 45.7 | AH1: 2 | AI1: 18315457 | AJ1: 1 | AK1: 0 | AL1: 0 | AM1: 0 | AN1: 0 | AO1: 0 | AP1: 0 | AQ1: 0 | AR1: 0
A2: =ROW(Source!A24) -> 24 | B2: 18315458 | C2: 18315456 | D2: 7182702 | E2: 7157832 | F2: 1 | G2: 7157832 | H2: 3 | I2: 1.0-0-0 | K2: МАССА МУСОРА | L2: 1348 | N2: 1009 | O2: т | P2: т | Q2: 1000 | X2: 0.09 | Y2: 0 | Z2: 0 | AA2: 0 | AB2: 0 | AC2: 0 | AD2: 1 | AE2: 0 | AG2: 0.09 | AH2: 2 | AI2: 18315458 | AJ2: 2 | AK2: 0 | AL2: 0 | AM2: 0 | AN2: 0 | AO2: 0 | AP2: 0 | AQ2: 0 | AR2: 0
A3: =ROW(Source!A25) -> 25 | B3: 18315460 | C3: 18315459 | D3: 7157835 | E3: 7157832 | F3: 1 | G3: 7157832 | H3: 1 | I3: 9999990008 | K3: ТРУДОЗАТРАТЫ РАБОЧИХ (ЭСН) | L3: 1191 | N3: 1013 | O3: чел.-ч. | P3: чел.-ч. | Q3: 1 | X3: 212 | Y3: 0 | Z3: 0 | AA3: 0 | AB3: 0 | AC3: 0 | AD3: 1 | AE3: 1 | AG3: 212 | AH3: 2 | AI3: 18315460 | AJ3: 3 | AK3: 0 | AL3: 0 | AM3: 0 | AN3: 0 | AO3: 0 | AP3: 0 | AQ3: 0 | AR3: 0
A4: =ROW(Source!A25) -> 25 | B4: 18315461 | C4: 18315459 | D4: 7233003 | E4: 1 | F4: 1 | G4: 7157832 | H4: 3 | I4: 1.1-1-1338 | J4: ТСН-2001.1. База. Р.1, о.1, поз.1338 | K4: ЦЕМЕНТ ГИПСОГЛИНОЗЕМИСТЫЙ РАСШИРЯЮЩИЙСЯ | L4: 1348 | N4: 1009 | O4: т | P4: т | Q4: 1000 | X4: 0.0079 | Y4: 483.86 | Z4: 0 | AA4: 0 | AB4: 0 | AC4: 0 | AD4: 1 | AE4: 0 | AG4: 0.0079 | AH4: 2 | AI4: 18315461 | AJ4: 4 | AK4: 0 | AL4: 0 | AM4: 0 | AN4: 0 | AO4: 0 | AP4: 0 | AQ4: 0 | AR4: 0
A5: =ROW(Source!A25) -> 25 | B5: 18315462 | C5: 18315459 | D5: 7233164 | E5: 1 | F5: 1 | G5: 7157832 | H5: 3 | I5: 1.1-1-1502 | J5: ТСН-2001.1. База. Р.1, о.1, поз.1502 | K5: ШУРУПЫ С ПОТАЙНОЙ ГОЛОВКОЙ, ЧЕРНЫЕ, РАЗМЕР 8,0Х100 ММ | L5: 1348 | N5: 1009 | O5: т | P5: т | Q5: 1000 | X5: 0.0108 | Y5: 17750.86 | Z5: 0 | AA5: 0 | AB5: 0 | AC5: 0 | AD5: 1 | AE5: 0 | AG5: 0.0108 | AH5: 2 | AI5: 18315462 | AJ5: 5 | AK5: 0 | AL5: 0 | AM5: 0 | AN5: 0 | AO5: 0 | AP5: 0 | AQ5: 0 | AR5: 0
A6: =ROW(Source!A25) -> 25 | B6: 18315463 | C6: 18315459 | D6: 7232436 | E6: 1 | F6: 1 | G6: 7157832 | H6: 3 | I6: 1.1-1-740 | J6: ТСН-2001.1. База. Р.1, о.1, поз.740 | K6: ПАКЛЯ ПРОПИТАННАЯ | L6: 1346 | N6: 1009 | O6: кг | P6: кг | Q6: 1 | X6: 3.4 | Y6: 9.86 | Z6: 0 | AA6: 0 | AB6: 0 | AC6: 0 | AD6: 1 | AE6: 0 | AG6: 3.4 | AH6: 2 | AI6: 18315463 | AJ6: 6 | AK6: 0 | AL6: 0 | AM6: 0 | AN6: 0 | AO6: 0 | AP6: 0 | AQ6: 0 | AR6: 0
A7: =ROW(Source!A25) -> 25 | B7: 18315464 | C7: 18315459 | D7: 7173530 | E7: 7157832 | F7: 1 | G7: 7157832 | H7: 3 | I7: 4962130000 | K7: УМЫВАЛЬНИКИ | L7: 1035 | N7: 1013 | O7: компл. | P7: компл. | Q7: 1 | X7: 100 | Y7: 0 | Z7: 0 | AA7: 0 | AB7: 0 | AC7: 0 | AD7: 0 | AE7: 0 | AG7: 100 | AH7: 2 | AI7: 18315464 | AJ7: 7 | AK7: 0 | AL7: 0 | AM7: 0 | AN7: 0 | AO7: 0 | AP7: 0 | AQ7: 0 | AR7: 0
A8: =ROW(Source!A27) -> 27 | B8: 18315467 | C8: 18315466 | D8: 7157835 | E8: 7157832 | F8: 1 | G8: 7157832 | H8: 1 | I8: 9999990008 | K8: ТРУДОЗАТРАТЫ РАБОЧИХ (ЭСН) | L8: 1191 | N8: 1013 | O8: чел.-ч. | P8: чел.-ч. | Q8: 1 | X8: 2.76 | Y8: 0 | Z8: 0 | AA8: 0 | AB8: 0 | AC8: 0 | AD8: 1 | AE8: 1 | AF8: )*1,15 | AG8: 3.174 | AH8: 2 | AI8: 18315467 | AJ8: 8 | AK8: 0 | AL8: 0 | AM8: 0 | AN8: 0 | AO8: 0 | AP8: 0 | AQ8: 0 | AR8: 0
A9: =ROW(Source!A27) -> 27 | B9: 18315470 | C9: 18315466 | D9: 7159942 | E9: 7157832 | F9: 1 | G9: 7157832 | H9: 2 | I9: 2.0-0-0 | K9: СТОИМОСТЬ ПРОЧИХ МАШИН (ЭСН) | L9: 1344 | N9: 1008 | O9: руб. | P9: руб. | Q9: 1 | X9: 0.11 | Y9: 0 | Z9: 1 | AA9: 0 | AB9: 0 | AC9: 0 | AD9: 1 | AE9: 0 | AF9: *1,25 | AG9: 0.1375 | AH9: 2 | AI9: 18315470 | AJ9: 9 | AK9: 0 | AL9: 0 | AM9: 0 | AN9: 0 | AO9: 0 | AP9: 0 | AQ9: 0 | AR9: 0
A10: =ROW(Source!A27) -> 27 | B10: 18315468 | C10: 18315466 | D10: 7231491 | E10: 1 | F10: 1 | G10: 7157832 | H10: 2 | I10: 2.1-30-56 | J10: ТСН-2001.2. База. п.1-30-56 (309101) | K10: ШУРУПОВЕРТЫ | L10: 1368 | N10: 1011 | O10: маш.-ч | P10: маш.-ч | Q10: 1 | X10: 0.01 | Y10: 0 | Z10: 0.64 | AA10: 0.04 | AB10: 0 | AC10: 0 | AD10: 1 | AE10: 0 | AF10: *1,25 | AG10: 0.0125 | AH10: 2 | AI10: 18315468 | AJ10: 10 | AK10: 0 | AL10: 0 | AM10: 0 | AN10: 0 | AO10: 0 | AP10: 0 | AQ10: 0 | AR10: 0
A11: =ROW(Source!A27) -> 27 | B11: 18315469 | C11: 18315466 | D11: 7231445 | E11: 1 | F11: 1 | G11: 7157832 | H11: 2 | I11: 2.1-30-6 | J11: ТСН-2001.2. База. п.1-30-6 (303701) | K11: ДРЕЛИ ЭЛЕКТРИЧЕСКИЕ | L11: 1368 | N11: 1011 | O11: маш.-ч | P11: маш.-ч | Q11: 1 | X11: 0.02 | Y11: 0 | Z11: 2.36 | AA11: 0.1 | AB11: 0 | AC11: 0 | AD11: 1 | AE11: 0 | AF11: *1,25 | AG11: 0.025 | AH11: 2 | AI11: 18315469 | AJ11: 11 | AK11: 0 | AL11: 0 | AM11: 0 | AN11: 0 | AO11: 0 | AP11: 0 | AQ11: 0 | AR11: 0
A12: =ROW(Source!A27) -> 27 | B12: 18315471 | C12: 18315466 | D12: 7232224 | E12: 1 | F12: 1 | G12: 7157832 | H12: 3 | I12: 1.1-1-513 | J12: ТСН-2001.1. База. Р.1, о.1, поз.513 | K12: ЛЕНТА ИЗ "ФТОРОПЛАСТ-4" | L12: 1346 | N12: 1009 | O12: кг | P12: кг | Q12: 1 | X12: 0.02 | Y12: 148.68 | Z12: 0 | AA12: 0 | AB12: 0 | AC12: 0 | AD12: 1 | AE12: 0 | AG12: 0.02 | AH12: 2 | AI12: 18315471 | AJ12: 12 | AK12: 0 | AL12: 0 | AM12: 0 | AN12: 0 | AO12: 0 | AP12: 0 | AQ12: 0 | AR12: 0
A13: =ROW(Source!A27) -> 27 | B13: 18315472 | C13: 18315466 | D13: 7525003 | E13: 7157832 | F13: 1 | G13: 7157832 | H13: 3 | I13: 4951511000 | K13: ПОЛОТЕНЦЕСУШИТЕЛИ ИЗ НЕРЖАВЕЮЩЕЙ СТАЛИ | L13: 1354 | N13: 1010 | O13: шт. | P13: шт. | Q13: 1 | X13: 1 | Y13: 0 | Z13: 0 | AA13: 0 | AB13: 0 | AC13: 0 | AD13: 0 | AE13: 0 | AG13: 1 | AH13: 2 | AI13: 18315472 | AJ13: 13 | AK13: 0 | AL13: 0 | AM13: 0 | AN13: 0 | AO13: 0 | AP13: 0 | AQ13: 0 | AR13: 0
A14: =ROW(Source!A27) -> 27 | B14: 18315473 | C14: 18315466 | D14: 7525012 | E14: 7157832 | F14: 1 | G14: 7157832 | H14: 3 | I14: 4951541000 | K14: ДЕТАЛИ СОЕДИНИТЕЛЬНЫЕ ДЛЯ ПОЛОТЕНЦЕСУШИТЕЛЕЙ - МУФТЫ | L14: 1354 | N14: 1010 | O14: шт. | P14: шт. | Q14: 1 | X14: 2 | Y14: 0 | Z14: 0 | AA14: 0 | AB14: 0 | AC14: 0 | AD14: 0 | AE14: 0 | AG14: 2 | AH14: 2 | AI14: 18315473 | AJ14: 14 | AK14: 0 | AL14: 0 | AM14: 0 | AN14: 0 | AO14: 0 | AP14: 0 | AQ14: 0 | AR14: 0

Sheet ClcRes
